Workbook
Name _edn1: Enrolment!#REF!
Name _edn1: GECD!#REF!
Name _edn1: Other!#REF!
Name _edn1: 'Program Summary'!#REF!
Name _edn1: 'Summary - BOG'!#REF!
Name _edn1: 'Summary - Finance'!#REF!
Name _edn1: TCH!#REF!
Name _edn2: Enrolment!#REF!
Name _edn2: GECD!#REF!
Name _edn2: Other!#REF!
Name _edn2: 'Program Summary'!#REF!
Name _edn2: 'Summary - BOG'!#REF!
Name _edn2: 'Summary - Finance'!#REF!
Name _edn2: TCH!#REF!
Name _edn3: Enrolment!#REF!
Name _edn3: GECD!#REF!
Name _edn3: Other!#REF!
Name _edn3: 'Program Summary'!#REF!
Name _edn3: 'Summary - BOG'!#REF!
Name _edn3: 'Summary - Finance'!#REF!
Name _edn3: TCH!#REF!
Name _edn4: Enrolment!#REF!
Name _edn4: GECD!#REF!
Name _edn4: Other!#REF!
Name _edn4: 'Program Summary'!#REF!
Name _edn4: 'Summary - BOG'!#REF!
Name _edn4: 'Summary - Finance'!#REF!
Name _edn4: TCH!#REF!
Name _edn5: Enrolment!#REF!
Name _edn5: GECD!#REF!
Name _edn5: Other!#REF!
Name _edn5: 'Program Summary'!#REF!
Name _edn5: 'Summary - BOG'!#REF!
Name _edn5: 'Summary - Finance'!#REF!
Name _edn5: TCH!#REF!
Name _edn6: Enrolment!#REF!
Name _edn6: GECD!#REF!
Name _edn6: Other!#REF!
Name _edn6: 'Program Summary'!#REF!
Name _edn6: 'Summary - BOG'!#REF!
Name _edn6: 'Summary - Finance'!#REF!
Name _edn6: TCH!#REF!
Name _edn7: Enrolment!#REF!
Name _edn7: GECD!#REF!
Name _edn7: Other!#REF!
Name _edn7: 'Program Summary'!#REF!
Name _edn7: 'Summary - BOG'!#REF!
Name _edn7: 'Summary - Finance'!#REF!
Name _edn7: TCH!#REF!
Name _edn8: Enrolment!#REF!
Name _edn8: GECD!#REF!
Name _edn8: Other!#REF!
Name _edn8: 'Program Summary'!#REF!
Name _edn8: 'Summary - BOG'!#REF!
Name _edn8: 'Summary - Finance'!#REF!
Name _edn8: TCH!#REF!
Name _ednref1: Enrolment!#REF!
Name _ednref1: GECD!#REF!
Name _ednref1: Other!#REF!
Name _ednref1: 'Program Summary'!#REF!

Sheet Instructions
A23: http://www.tcu.gov.on.ca/pepg/audiences/colleges/

Sheet Program Summary
A1: Program Costing Summary
A2: Version Date
A3: Program Name
A4: Campus Launch
A5: Fiscal Year of Planned Program Launch
C6: Template Version Date 08/25/25
B7: Academic Area | C7: Engineering Technology
B9: Tuition, Lab Fees, and Grant Revenue
C10: Domestic Tuition | D10: International Tuition | E10: Lab Fees
A11: 1 | B11: What are the fees per semester?
A13: 2 | B13: Grant per Weighted Funding Unit (WFU) (approx)* | C13: 4276
B14: What is the weight per the MTCU code?
B15: What is the funding units per the MTCU code?
B16: What are the number of semesters in the program?
B17: The approximate program weight per semester is: | C17: =IFERROR(C14*C15/C16,0) -> 0
B27: *NOTE: Due to Corridor Funding, launching a program may have to be offset by suspension of another program.
B29: Progression
A30: 1 | B30: Please insert comments below of the progression of your program
B35: Staffing - Please also attach a loading sheet
A36: 1 | B36: What is the maximum section size?
A38: 2 | B38: Are there new coordinator hours associated with the program?
A40: 3 | B40: Rates (excluding Benefits) and Other | C40: Rate | D40: Hire New? | E40: # New Required
B41: FT Faculty (standard is $310/hr) | C41: 310
B42: PT Faculty | D42: n/a | E42: n/a
B43: FT Technician
B44: PT Technician | D44: n/a | E44: n/a
B45: FT Technologist
B46: PT Technologist | D46: n/a | E46: n/a
B48: =IF(OR(E41<>"",E43<>""),"Please comment below on when new hire required in plan","")
C140: Yes | D140: Annual
C141: No | D141: 1 Time

Sheet Enrolment
A1: Program Costing Enrolment Forecast | N1: Version Date: | O1: ='Program Summary'!$C$2 -> 0
A2: Program Name: | B2: ='Program Summary'!C3 -> 0 | N2: Location: | O2: ='Program Summary'!$C$4 -> 0
A3: Launch Date | B3: ='Program Summary'!C5 -> 0
B5: DOMESTIC ENROLMENT
A6: Fiscal Year | B6: =B3 -> 0
A7: Domestic | B7: S | C7: F | D7: W | E7: S | F7: F | G7: W | H7: S | I7: F | J7: W | K7: S | L7: F | M7: W | N7: S | O7: F | P7: W
A8: Year 1
A9: Intake 1 | B9: 0 | C9: 0 | D9: 0 | E9: 0 | F9: 0 | G9: 0 | H9: 0 | I9: 0 | J9: 0 | K9: 0 | L9: 0 | M9: 0 | N9: 0 | O9: 0 | P9: 0
A10: Intake 2 | B10: 0 | C10: 0 | D10: 0 | E10: 0 | F10: 0 | G10: 0 | H10: 0 | I10: 0 | J10: 0 | K10: 0 | L10: 0 | M10: 0 | N10: 0 | O10: 0 | P10: 0
A11: Year 2
A12: Intake 1 | B12: 0 | C12: 0 | D12: 0 | E12: 0 | F12: 0 | G12: 0 | H12: 0 | I12: 0 | J12: 0 | K12: 0 | L12: 0 | M12: 0 | N12: 0 | O12: 0 | P12: 0
A13: Intake 2 | B13: 0 | C13: 0 | D13: 0 | E13: 0 | F13: 0 | G13: 0 | H13: 0 | I13: 0 | J13: 0 | K13: 0 | L13: 0 | M13: 0 | N13: 0 | O13: 0 | P13: 0
A14: Year 3
A15: Intake 1 | B15: 0 | C15: 0 | D15: 0 | E15: 0 | F15: 0 | G15: 0 | H15: 0 | I15: 0 | J15: 0 | K15: 0 | L15: 0 | M15: 0 | N15: 0 | O15: 0 | P15: 0
A16: Intake 2 | B16: 0 | C16: 0 | D16: 0 | E16: 0 | F16: 0 | G16: 0 | H16: 0 | I16: 0 | J16: 0 | K16: 0 | L16: 0 | M16: 0 | N16: 0 | O16: 0 | P16: 0
A17: Year 4
A18: Intake 1 | B18: 0 | C18: 0 | D18: 0 | E18: 0 | F18: 0 | G18: 0 | H18: 0 | I18: 0 | J18: 0 | K18: 0 | L18: 0 | M18: 0 | N18: 0 | O18: 0 | P18: 0
A19: Intake 2 | B19: 0 | C19: 0 | D19: 0 | E19: 0 | F19: 0 | G19: 0 | H19: 0 | I19: 0 | J19: 0 | K19: 0 | L19: 0 | M19: 0 | N19: 0 | O19: 0 | P19: 0
A20: Ttl Domestic | B20: =SUM(B9:B19) -> 0 | C20: =SUM(C9:C19) -> 0 | D20: =SUM(D9:D19) -> 0 | E20: =SUM(E9:E19) -> 0 | F20: =SUM(F9:F19) -> 0 | G20: =SUM(G9:G19) -> 0 | H20: =SUM(H9:H19) -> 0 | I20: =SUM(I9:I19) -> 0 | ... P20: =SUM(P9:P19) -> 0
B22: INTERNATIONAL ENROLMENT
A23: Fiscal Year | B23: =B6 -> 0 | E23: =E6 -> 0 | H23: =H6 -> 0 | K23: =K6 -> 0 | N23: =N6 -> 0
A24: International | B24: S | C24: F | D24: W | E24: S | F24: F | G24: W | H24: S | I24: F | J24: W | K24: S | L24: F | M24: W | N24: S | O24: F | P24: W
A25: Year 1
A26: Intake 1 | B26: 0 | C26: 0 | D26: 0 | E26: 0 | F26: 0 | G26: 0 | H26: 0 | I26: 0 | J26: 0 | K26: 0 | L26: 0 | M26: 0 | N26: 0 | O26: 0 | P26: 0
A27: Intake 2 | B27: 0 | C27: 0 | D27: 0 | E27: 0 | F27: 0 | G27: 0 | H27: 0 | I27: 0 | J27: 0 | K27: 0 | L27: 0 | M27: 0 | N27: 0 | O27: 0 | P27: 0
A28: Year 2
A29: Intake 1 | B29: 0 | C29: 0 | D29: 0 | E29: 0 | F29: 0 | G29: 0 | H29: 0 | I29: 0 | J29: 0 | K29: 0 | L29: 0 | M29: 0 | N29: 0 | O29: 0 | P29: 0
A30: Intake 2 | B30: 0 | C30: 0 | D30: 0 | E30: 0 | F30: 0 | G30: 0 | H30: 0 | I30: 0 | J30: 0 | K30: 0 | L30: 0 | M30: 0 | N30: 0 | O30: 0 | P30: 0
A31: Year 3
A32: Intake 1 | B32: 0 | C32: 0 | D32: 0 | E32: 0 | F32: 0 | G32: 0 | H32: 0 | I32: 0 | J32: 0 | K32: 0 | L32: 0 | M32: 0 | N32: 0 | O32: 0 | P32: 0
A33: Intake 2 | B33: 0 | C33: 0 | D33: 0 | E33: 0 | F33: 0 | G33: 0 | H33: 0 | I33: 0 | J33: 0 | K33: 0 | L33: 0 | M33: 0 | N33: 0 | O33: 0 | P33: 0
A34: Year 4
A35: Intake 1 | B35: 0 | C35: 0 | D35: 0 | E35: 0 | F35: 0 | G35: 0 | H35: 0 | I35: 0 | J35: 0 | K35: 0 | L35: 0 | M35: 0 | N35: 0 | O35: 0 | P35: 0
A36: Intake 2 | B36: 0 | C36: 0 | D36: 0 | E36: 0 | F36: 0 | G36: 0 | H36: 0 | I36: 0 | J36: 0 | K36: 0 | L36: 0 | M36: 0 | N36: 0 | O36: 0 | P36: 0
A37: Ttl International | B37: =SUM(B26:B36) -> 0 | C37: =SUM(C26:C36) -> 0 | D37: =SUM(D26:D36) -> 0 | E37: =SUM(E26:E36) -> 0 | F37: =SUM(F26:F36) -> 0 | G37: =SUM(G26:G36) -> 0 | H37: =SUM(H26:H36) -> 0 | I37: =SUM(I26:I36) -> 0 | ... P37: =SUM(P26:P36) -> 0
B44: GRAND TOTAL ENROLMENT
B45: =B23 -> 0 | E45: =E23 -> 0 | H45: =H23 -> 0 | K45: =K23 -> 0 | N45: =N23 -> 0
A46: Grand Total | B46: S | C46: F | D46: W | E46: S | F46: F | G46: W | H46: S | I46: F | J46: W | K46: S | L46: F | M46: W | N46: S | O46: F | P46: W
A47: Year 1
A48: Intake 1 | B48: =B9+B26 -> 0 | C48: =C9+C26 -> 0 | D48: =D9+D26 -> 0 | E48: =E9+E26 -> 0 | F48: =F9+F26 -> 0 | G48: =G9+G26 -> 0 | H48: =H9+H26 -> 0 | I48: =I9+I26 -> 0 | ... P48: =P9+P26 -> 0
A49: Intake 2 | B49: =B10+B27 -> 0 | C49: =C10+C27 -> 0 | D49: =D10+D27 -> 0 | E49: =E10+E27 -> 0 | F49: =F10+F27 -> 0 | G49: =G10+G27 -> 0 | H49: =H10+H27 -> 0 | I49: =I10+I27 -> 0 | ... P49: =P10+P27 -> 0
A50: Year 2
A51: Intake 1 | B51: =B12+B29 -> 0 | C51: =C12+C29 -> 0 | D51: =D12+D29 -> 0 | E51: =E12+E29 -> 0 | F51: =F12+F29 -> 0 | G51: =G12+G29 -> 0 | H51: =H12+H29 -> 0 | I51: =I12+I29 -> 0 | ... P51: =P12+P29 -> 0
A52: Intake 2 | B52: =B13+B30 -> 0 | C52: =C13+C30 -> 0 | D52: =D13+D30 -> 0 | E52: =E13+E30 -> 0 | F52: =F13+F30 -> 0 | G52: =G13+G30 -> 0 | H52: =H13+H30 -> 0 | I52: =I13+I30 -> 0 | ... P52: =P13+P30 -> 0
A53: Year 3
A54: Intake 1 | B54: =B15+B32 -> 0 | C54: =C15+C32 -> 0 | D54: =D15+D32 -> 0 | E54: =E15+E32 -> 0 | F54: =F15+F32 -> 0 | G54: =G15+G32 -> 0 | H54: =H15+H32 -> 0 | I54: =I15+I32 -> 0 | ... P54: =P15+P32 -> 0
A55: Intake 2 | B55: =B16+B33 -> 0 | C55: =C16+C33 -> 0 | D55: =D16+D33 -> 0 | E55: =E16+E33 -> 0 | F55: =F16+F33 -> 0 | G55: =G16+G33 -> 0 | H55: =H16+H33 -> 0 | I55: =I16+I33 -> 0 | ... P55: =P16+P33 -> 0
A56: Year 4
A57: Intake 1 | B57: =B18+B35 -> 0 | C57: =C18+C35 -> 0 | D57: =D18+D35 -> 0 | E57: =E18+E35 -> 0 | F57: =F18+F35 -> 0 | G57: =G18+G35 -> 0 | H57: =H18+H35 -> 0 | I57: =I18+I35 -> 0 | ... P57: =P18+P35 -> 0
A58: Intake 2 | B58: =B19+B36 -> 0 | C58: =C19+C36 -> 0 | D58: =D19+D36 -> 0 | E58: =E19+E36 -> 0 | F58: =F19+F36 -> 0 | G58: =G19+G36 -> 0 | H58: =H19+H36 -> 0 | I58: =I19+I36 -> 0 | ... P58: =P19+P36 -> 0
A59: Grand Total | B59: =SUM(B48:B58) -> 0 | C59: =SUM(C48:C58) -> 0 | D59: =SUM(D48:D58) -> 0 | E59: =SUM(E48:E58) -> 0 | F59: =SUM(F48:F58) -> 0 | G59: =SUM(G48:G58) -> 0 | H59: =SUM(H48:H58) -> 0 | I59: =SUM(I48:I58) -> 0 | ... P59: =SUM(P48:P58) -> 0
B61: FINANCE ONLY - TOTAL REVENUE
B62: =B45 -> 0 | E62: =E45 -> 0 | H62: =H45 -> 0 | K62: =K45 -> 0 | N62: =N45 -> 0
B63: S | C63: F | D63: W | E63: S | F63: F | G63: W | H63: S | I63: F | J63: W | K63: S | L63: F | M63: W | N63: S | O63: F | P63: W
A65: Domestic Tuition | B65: =B$20*'Program Summary'!$C$11 -> 0 | C65: =C$20*'Program Summary'!$C$11 -> 0 | D65: =D$20*'Program Summary'!$C$11 -> 0 | E65: =E$20*'Program Summary'!$C$11 -> 0 | F65: =F$20*'Program Summary'!$C$11 -> 0 | G65: =G$20*'Program Summary'!$C$11 -> 0 | H65: =H$20*'Program Summary'!$C$11 -> 0 | I65: =I$20*'Program Summary'!$C$11 -> 0 | ... P65: =P$20*'Program Summary'!$C$11 -> 0
A66: Domestic Grant | B66: =B$20*'Program Summary'!$C13*'Program Summary'!$C17 -> 0 | C66: =C$20*'Program Summary'!$C13*'Program Summary'!$C17 -> 0 | D66: =D$20*'Program Summary'!$C13*'Program Summary'!$C17 -> 0 | E66: =E$20*'Program Summary'!$C13*'Program Summary'!$C17 -> 0 | F66: =F$20*'Program Summary'!$C13*'Program Summary'!$C17 -> 0 | G66: =G$20*'Program Summary'!$C13*'Program Summary'!$C17 -> 0 | H66: =H$20*'Program Summary'!$C13*'Program Summary'!$C17 -> 0 | I66: =I$20*'Program Summary'!$C13*'Program Summary'!$C17 -> 0 | ... P66: =P$20*'Program Summary'!$C13*'Program Summary'!$C17 -> 0
A67: International Tuition | B67: =B$37*'Program Summary'!$D$11 -> 0 | C67: =C$37*'Program Summary'!$D$11 -> 0 | D67: =D$37*'Program Summary'!$D$11 -> 0 | E67: =E$37*'Program Summary'!$D$11 -> 0 | F67: =F$37*'Program Summary'!$D$11 -> 0 | G67: =G$37*'Program Summary'!$D$11 -> 0 | H67: =H$37*'Program Summary'!$D$11 -> 0 | I67: =I$37*'Program Summary'!$D$11 -> 0 | ... P67: =P$37*'Program Summary'!$D$11 -> 0
A68: Lab Fees | B68: =B$59*'Program Summary'!$E$11 -> 0 | C68: =C$59*'Program Summary'!$E$11 -> 0 | D68: =D$59*'Program Summary'!$E$11 -> 0 | E68: =E$59*'Program Summary'!$E$11 -> 0 | F68: =F$59*'Program Summary'!$E$11 -> 0 | G68: =G$59*'Program Summary'!$E$11 -> 0 | H68: =H$59*'Program Summary'!$E$11 -> 0 | I68: =I$59*'Program Summary'!$E$11 -> 0 | ... P68: =P$59*'Program Summary'!$E$11 -> 0
A69: Grand Total | B69: =SUM(B65:B68) -> 0 | C69: =SUM(C65:C68) -> 0 | D69: =SUM(D65:D68) -> 0 | E69: =SUM(E65:E68) -> 0 | F69: =SUM(F65:F68) -> 0 | G69: =SUM(G65:G68) -> 0 | H69: =SUM(H65:H68) -> 0 | I69: =SUM(I65:I68) -> 0 | ... P69: =SUM(P65:P68) -> 0

Sheet TCH
A1: Program Costing TCH Forecast - excl TCH from Gen Ed Comms and College Degree Depts | N1: Version Date: | O1: ='Program Summary'!$C$2 -> 0
A2: Program Name: | B2: ='Program Summary'!C3 -> 0 | N2: Location: | O2: ='Program Summary'!$C$4 -> 0
A3: Launch Date | B3: ='Program Summary'!C5 -> 0
B5: FACULTY TCH - excl TCH from Gen Ed Comms and College Degree Depts
A6: Fiscal Year | B6: =B3 -> 0 | E6: =Enrolment!E6 -> 0 | H6: =Enrolment!H6 -> 0 | K6: =Enrolment!K6 -> 0 | N6: =Enrolment!N6 -> 0
B7: S | C7: F | D7: W | E7: S | F7: F | G7: W | H7: S | I7: F | J7: W | K7: S | L7: F | M7: W | N7: S | O7: F | P7: W
A8: Year 1
A9: Intake 1 - FT Faculty | B9: 0 | C9: 0 | D9: 0 | E9: 0 | F9: 0 | G9: 0 | H9: 0 | I9: 0 | J9: 0 | K9: 0 | L9: 0 | M9: 0 | N9: 0 | O9: 0 | P9: 0
A10: Intake 1 - PT Faculty | B10: 0 | C10: 0 | D10: 0 | E10: 0 | F10: 0 | G10: 0 | H10: 0 | I10: 0 | J10: 0 | K10: 0 | L10: 0 | M10: 0 | N10: 0 | O10: 0 | P10: 0
A11: Intake 2 - FT Faculty | B11: 0 | C11: 0 | D11: 0 | E11: 0 | F11: 0 | G11: 0 | H11: 0 | I11: 0 | J11: 0 | K11: 0 | L11: 0 | M11: 0 | N11: 0 | O11: 0 | P11: 0
A12: Intake 2 - PT Faculty | B12: 0 | C12: 0 | D12: 0 | E12: 0 | F12: 0 | G12: 0 | H12: 0 | I12: 0 | J12: 0 | K12: 0 | L12: 0 | M12: 0 | N12: 0 | O12: 0 | P12: 0
A13: Year 2
A14: Intake 1 - FT Faculty | B14: 0 | C14: 0 | D14: 0 | E14: 0 | F14: 0 | G14: 0 | H14: 0 | I14: 0 | J14: 0 | K14: 0 | L14: 0 | M14: 0 | N14: 0 | O14: 0 | P14: 0
A15: Intake 1 - PT Faculty | B15: 0 | C15: 0 | D15: 0 | E15: 0 | F15: 0 | G15: 0 | H15: 0 | I15: 0 | J15: 0 | K15: 0 | L15: 0 | M15: 0 | N15: 0 | O15: 0 | P15: 0
A16: Intake 2 - FT Faculty | B16: 0 | C16: 0 | D16: 0 | E16: 0 | F16: 0 | G16: 0 | H16: 0 | I16: 0 | J16: 0 | K16: 0 | L16: 0 | M16: 0 | N16: 0 | O16: 0 | P16: 0
A17: Intake 2 - PT Faculty | B17: 0 | C17: 0 | D17: 0 | E17: 0 | F17: 0 | G17: 0 | H17: 0 | I17: 0 | J17: 0 | K17: 0 | L17: 0 | M17: 0 | N17: 0 | O17: 0 | P17: 0
A18: Year 3
A19: Intake 1 - FT Faculty | B19: 0 | C19: 0 | D19: 0 | E19: 0 | F19: 0 | G19: 0 | H19: 0 | I19: 0 | J19: 0 | K19: 0 | L19: 0 | M19: 0 | N19: 0 | O19: 0 | P19: 0
A20: Intake 1 - PT Faculty | B20: 0 | C20: 0 | D20: 0 | E20: 0 | F20: 0 | G20: 0 | H20: 0 | I20: 0 | J20: 0 | K20: 0 | L20: 0 | M20: 0 | N20: 0 | O20: 0 | P20: 0
A21: Intake 2 - FT Faculty | B21: 0 | C21: 0 | D21: 0 | E21: 0 | F21: 0 | G21: 0 | H21: 0 | I21: 0 | J21: 0 | K21: 0 | L21: 0 | M21: 0 | N21: 0 | O21: 0 | P21: 0
A22: Intake 2 - PT Faculty | B22: 0 | C22: 0 | D22: 0 | E22: 0 | F22: 0 | G22: 0 | H22: 0 | I22: 0 | J22: 0 | K22: 0 | L22: 0 | M22: 0 | N22: 0 | O22: 0 | P22: 0
A23: Year 4
A24: Intake 1 - FT Faculty | B24: 0 | C24: 0 | D24: 0 | E24: 0 | F24: 0 | G24: 0 | H24: 0 | I24: 0 | J24: 0 | K24: 0 | L24: 0 | M24: 0 | N24: 0 | O24: 0 | P24: 0
A25: Intake 1 - PT Faculty | B25: 0 | C25: 0 | D25: 0 | E25: 0 | F25: 0 | G25: 0 | H25: 0 | I25: 0 | J25: 0 | K25: 0 | L25: 0 | M25: 0 | N25: 0 | O25: 0 | P25: 0
A26: Intake 2 - FT Faculty | B26: 0 | C26: 0 | D26: 0 | E26: 0 | F26: 0 | G26: 0 | H26: 0 | I26: 0 | J26: 0 | K26: 0 | L26: 0 | M26: 0 | N26: 0 | O26: 0 | P26: 0
A27: Intake 2 - PT Faculty | B27: 0 | C27: 0 | D27: 0 | E27: 0 | F27: 0 | G27: 0 | H27: 0 | I27: 0 | J27: 0 | K27: 0 | L27: 0 | M27: 0 | N27: 0 | O27: 0 | P27: 0
A28: Ttl TCH FT Faculty | B28: =SUM(B9,B11,B14,B16,B19,B21,B24,B26) -> 0 | C28: =SUM(C9,C11,C14,C16,C19,C21,C24,C26) -> 0 | D28: =SUM(D9,D11,D14,D16,D19,D21,D24,D26) -> 0 | E28: =SUM(E9,E11,E14,E16,E19,E21,E24,E26) -> 0 | F28: =SUM(F9,F11,F14,F16,F19,F21,F24,F26) -> 0 | G28: =SUM(G9,G11,G14,G16,G19,G21,G24,G26) -> 0 | H28: =SUM(H9,H11,H14,H16,H19,H21,H24,H26) -> 0 | I28: =SUM(I9,I11,I14,I16,I19,I21,I24,I26) -> 0 | ... P28: =SUM(P9,P11,P14,P16,P19,P21,P24,P26) -> 0
A29: Ttl TCH PT Faculty | B29: =SUM(B10,B12,B15,B17,B20,B22,B25,B27) -> 0 | C29: =SUM(C10,C12,C15,C17,C20,C22,C25,C27) -> 0 | D29: =SUM(D10,D12,D15,D17,D20,D22,D25,D27) -> 0 | E29: =SUM(E10,E12,E15,E17,E20,E22,E25,E27) -> 0 | F29: =SUM(F10,F12,F15,F17,F20,F22,F25,F27) -> 0 | G29: =SUM(G10,G12,G15,G17,G20,G22,G25,G27) -> 0 | H29: =SUM(H10,H12,H15,H17,H20,H22,H25,H27) -> 0 | I29: =SUM(I10,I12,I15,I17,I20,I22,I25,I27) -> 0 | ... P29: =SUM(P10,P12,P15,P17,P20,P22,P25,P27) -> 0
A30: Ttl TCH Faculty | B30: =SUM(B28:B29) -> 0 | C30: =SUM(C28:C29) -> 0 | D30: =SUM(D28:D29) -> 0 | E30: =SUM(E28:E29) -> 0 | F30: =SUM(F28:F29) -> 0 | G30: =SUM(G28:G29) -> 0 | H30: =SUM(H28:H29) -> 0 | I30: =SUM(I28:I29) -> 0 | ... P30: =SUM(P28:P29) -> 0
A31: % Taught by FT Faculty | B31: =IFERROR(B28/B30,"") | C31: =IFERROR(C28/C30,"") | D31: =IFERROR(D28/D30,"") | E31: =IFERROR(E28/E30,"") | F31: =IFERROR(F28/F30,"") | G31: =IFERROR(G28/G30,"") | H31: =IFERROR(H28/H30,"") | I31: =IFERROR(I28/I30,"") | ... P31: =IFERROR(P28/P30,"")
B43: TECHNICIAN TCH
A44: Fiscal Year | B44: =B$6 -> 0 | E44: =E$6 -> 0 | H44: =H$6 -> 0 | K44: =K$6 -> 0 | N44: =N$6 -> 0
B45: S | C45: F | D45: W | E45: S | F45: F | G45: W | H45: S | I45: F | J45: W | K45: S | L45: F | M45: W | N45: S | O45: F | P45: W
A46: Year 1
A47: Intake 1 - FT Tnician | B47: 0 | C47: 0 | D47: 0 | E47: 0 | F47: 0 | G47: 0 | H47: 0 | I47: 0 | J47: 0 | K47: 0 | L47: 0 | M47: 0 | N47: 0 | O47: 0 | P47: 0
A48: Intake 1 - PT Tnician | B48: 0 | C48: 0 | D48: 0 | E48: 0 | F48: 0 | G48: 0 | H48: 0 | I48: 0 | J48: 0 | K48: 0 | L48: 0 | M48: 0 | N48: 0 | O48: 0 | P48: 0
A49: Intake 2 - FT Tnician | B49: 0 | C49: 0 | D49: 0 | E49: 0 | F49: 0 | G49: 0 | H49: 0 | I49: 0 | J49: 0 | K49: 0 | L49: 0 | M49: 0 | N49: 0 | O49: 0 | P49: 0
A50: Intake 2 - PT Tnician | B50: 0 | C50: 0 | D50: 0 | E50: 0 | F50: 0 | G50: 0 | H50: 0 | I50: 0 | J50: 0 | K50: 0 | L50: 0 | M50: 0 | N50: 0 | O50: 0 | P50: 0
A51: Year 2
A52: Intake 1 - FT Tnician | B52: 0 | C52: 0 | D52: 0 | E52: 0 | F52: 0 | G52: 0 | H52: 0 | I52: 0 | J52: 0 | K52: 0 | L52: 0 | M52: 0 | N52: 0 | O52: 0 | P52: 0
A53: Intake 1 - PT Tnician | B53: 0 | C53: 0 | D53: 0 | E53: 0 | F53: 0 | G53: 0 | H53: 0 | I53: 0 | J53: 0 | K53: 0 | L53: 0 | M53: 0 | N53: 0 | O53: 0 | P53: 0
A54: Intake 2 - FT Tnician | B54: 0 | C54: 0 | D54: 0 | E54: 0 | F54: 0 | G54: 0 | H54: 0 | I54: 0 | J54: 0 | K54: 0 | L54: 0 | M54: 0 | N54: 0 | O54: 0 | P54: 0
A55: Intake 2 - PT Tnician | B55: 0 | C55: 0 | D55: 0 | E55: 0 | F55: 0 | G55: 0 | H55: 0 | I55: 0 | J55: 0 | K55: 0 | L55: 0 | M55: 0 | N55: 0 | O55: 0 | P55: 0
A56: Year 3
A57: Intake 1 - FT Tnician | B57: 0 | C57: 0 | D57: 0 | E57: 0 | F57: 0 | G57: 0 | H57: 0 | I57: 0 | J57: 0 | K57: 0 | L57: 0 | M57: 0 | N57: 0 | O57: 0 | P57: 0
A58: Intake 1 - PT Tnician | B58: 0 | C58: 0 | D58: 0 | E58: 0 | F58: 0 | G58: 0 | H58: 0 | I58: 0 | J58: 0 | K58: 0 | L58: 0 | M58: 0 | N58: 0 | O58: 0 | P58: 0
A59: Intake 2 - FT Tnician | B59: 0 | C59: 0 | D59: 0 | E59: 0 | F59: 0 | G59: 0 | H59: 0 | I59: 0 | J59: 0 | K59: 0 | L59: 0 | M59: 0 | N59: 0 | O59: 0 | P59: 0
A60: Intake 2 - PT Tnician | B60: 0 | C60: 0 | D60: 0 | E60: 0 | F60: 0 | G60: 0 | H60: 0 | I60: 0 | J60: 0 | K60: 0 | L60: 0 | M60: 0 | N60: 0 | O60: 0 | P60: 0
A61: Year 4
A62: Intake 1 - FT Tnician | B62: 0 | C62: 0 | D62: 0 | E62: 0 | F62: 0 | G62: 0 | H62: 0 | I62: 0 | J62: 0 | K62: 0 | L62: 0 | M62: 0 | N62: 0 | O62: 0 | P62: 0
A63: Intake 1 - PT Tnician | B63: 0 | C63: 0 | D63: 0 | E63: 0 | F63: 0 | G63: 0 | H63: 0 | I63: 0 | J63: 0 | K63: 0 | L63: 0 | M63: 0 | N63: 0 | O63: 0 | P63: 0
A64: Intake 2 - FT Tnician | B64: 0 | C64: 0 | D64: 0 | E64: 0 | F64: 0 | G64: 0 | H64: 0 | I64: 0 | J64: 0 | K64: 0 | L64: 0 | M64: 0 | N64: 0 | O64: 0 | P64: 0
A65: Intake 2 - PT Tnician | B65: 0 | C65: 0 | D65: 0 | E65: 0 | F65: 0 | G65: 0 | H65: 0 | I65: 0 | J65: 0 | K65: 0 | L65: 0 | M65: 0 | N65: 0 | O65: 0 | P65: 0
A66: Ttl TCH FT Technician | B66: =SUM(B47,B49,B52,B54,B57,B59,B62,B64) -> 0 | C66: =SUM(C47,C49,C52,C54,C57,C59,C62,C64) -> 0 | D66: =SUM(D47,D49,D52,D54,D57,D59,D62,D64) -> 0 | E66: =SUM(E47,E49,E52,E54,E57,E59,E62,E64) -> 0 | F66: =SUM(F47,F49,F52,F54,F57,F59,F62,F64) -> 0 | G66: =SUM(G47,G49,G52,G54,G57,G59,G62,G64) -> 0 | H66: =SUM(H47,H49,H52,H54,H57,H59,H62,H64) -> 0 | I66: =SUM(I47,I49,I52,I54,I57,I59,I62,I64) -> 0 | ... P66: =SUM(P47,P49,P52,P54,P57,P59,P62,P64) -> 0
A67: Ttl TCH PT Technician | B67: =SUM(B48,B50,B53,B55,B58,B60,B63,B65) -> 0 | C67: =SUM(C48,C50,C53,C55,C58,C60,C63,C65) -> 0 | D67: =SUM(D48,D50,D53,D55,D58,D60,D63,D65) -> 0 | E67: =SUM(E48,E50,E53,E55,E58,E60,E63,E65) -> 0 | F67: =SUM(F48,F50,F53,F55,F58,F60,F63,F65) -> 0 | G67: =SUM(G48,G50,G53,G55,G58,G60,G63,G65) -> 0 | H67: =SUM(H48,H50,H53,H55,H58,H60,H63,H65) -> 0 | I67: =SUM(I48,I50,I53,I55,I58,I60,I63,I65) -> 0 | ... P67: =SUM(P48,P50,P53,P55,P58,P60,P63,P65) -> 0
A68: Ttl TCH Tech | B68: =SUM(B66:B67) -> 0 | C68: =SUM(C66:C67) -> 0 | D68: =SUM(D66:D67) -> 0 | E68: =SUM(E66:E67) -> 0 | F68: =SUM(F66:F67) -> 0 | G68: =SUM(G66:G67) -> 0 | H68: =SUM(H66:H67) -> 0 | I68: =SUM(I66:I67) -> 0 | ... P68: =SUM(P66:P67) -> 0
B69: =IFERROR(B66/B68,"") | C69: =IFERROR(C66/C68,"") | D69: =IFERROR(D66/D68,"") | E69: =IFERROR(E66/E68,"") | F69: =IFERROR(F66/F68,"") | G69: =IFERROR(G66/G68,"") | H69: =IFERROR(H66/H68,"") | I69: =IFERROR(I66/I68,"") | ... P69: =IFERROR(P66/P68,"")
B80: TECHNOLOGIST TCH
A81: Fiscal Year | B81: =B$6 -> 0 | E81: =E$6 -> 0 | H81: =H$6 -> 0 | K81: =K$6 -> 0 | N81: =N$6 -> 0
B82: S | C82: F | D82: W | E82: S | F82: F | G82: W | H82: S | I82: F | J82: W | K82: S | L82: F | M82: W | N82: S | O82: F | P82: W
A83: Year 1
A84: Intake 1 - FT Tnologist | B84: 0 | C84: 0 | D84: 0 | E84: 0 | F84: 0 | G84: 0 | H84: 0 | I84: 0 | J84: 0 | K84: 0 | L84: 0 | M84: 0 | N84: 0 | O84: 0 | P84: 0
A85: Intake 1 - PT Tnologist | B85: 0 | C85: 0 | D85: 0 | E85: 0 | F85: 0 | G85: 0 | H85: 0 | I85: 0 | J85: 0 | K85: 0 | L85: 0 | M85: 0 | N85: 0 | O85: 0 | P85: 0
A86: Intake 2 - FT Tnologist | B86: 0 | C86: 0 | D86: 0 | E86: 0 | F86: 0 | G86: 0 | H86: 0 | I86: 0 | J86: 0 | K86: 0 | L86: 0 | M86: 0 | N86: 0 | O86: 0 | P86: 0
A87: Intake 2 - PT Tnologist | B87: 0 | C87: 0 | D87: 0 | E87: 0 | F87: 0 | G87: 0 | H87: 0 | I87: 0 | J87: 0 | K87: 0 | L87: 0 | M87: 0 | N87: 0 | O87: 0 | P87: 0
A88: Year 2
A89: Intake 1 - FT Tnologist | B89: 0 | C89: 0 | D89: 0 | E89: 0 | F89: 0 | G89: 0 | H89: 0 | I89: 0 | J89: 0 | K89: 0 | L89: 0 | M89: 0 | N89: 0 | O89: 0 | P89: 0
A90: Intake 1 - PT Tnologist | B90: 0 | C90: 0 | D90: 0 | E90: 0 | F90: 0 | G90: 0 | H90: 0 | I90: 0 | J90: 0 | K90: 0 | L90: 0 | M90: 0 | N90: 0 | O90: 0 | P90: 0
A91: Intake 2 - FT Tnologist | B91: 0 | C91: 0 | D91: 0 | E91: 0 | F91: 0 | G91: 0 | H91: 0 | I91: 0 | J91: 0 | K91: 0 | L91: 0 | M91: 0 | N91: 0 | O91: 0 | P91: 0
A92: Intake 2 - PT Tnologist | B92: 0 | C92: 0 | D92: 0 | E92: 0 | F92: 0 | G92: 0 | H92: 0 | I92: 0 | J92: 0 | K92: 0 | L92: 0 | M92: 0 | N92: 0 | O92: 0 | P92: 0
A93: Year 3
A94: Intake 1 - FT Tnologist | B94: 0 | C94: 0 | D94: 0 | E94: 0 | F94: 0 | G94: 0 | H94: 0 | I94: 0 | J94: 0 | K94: 0 | L94: 0 | M94: 0 | N94: 0 | O94: 0 | P94: 0
A95: Intake 1 - PT Tnologist | B95: 0 | C95: 0 | D95: 0 | E95: 0 | F95: 0 | G95: 0 | H95: 0 | I95: 0 | J95: 0 | K95: 0 | L95: 0 | M95: 0 | N95: 0 | O95: 0 | P95: 0
A96: Intake 2 - FT Tnologist | B96: 0 | C96: 0 | D96: 0 | E96: 0 | F96: 0 | G96: 0 | H96: 0 | I96: 0 | J96: 0 | K96: 0 | L96: 0 | M96: 0 | N96: 0 | O96: 0 | P96: 0
A97: Intake 2 - PT Tnologist | B97: 0 | C97: 0 | D97: 0 | E97: 0 | F97: 0 | G97: 0 | H97: 0 | I97: 0 | J97: 0 | K97: 0 | L97: 0 | M97: 0 | N97: 0 | O97: 0 | P97: 0
A98: Year 4
A99: Intake 1 - FT Tnologist | B99: 0 | C99: 0 | D99: 0 | E99: 0 | F99: 0 | G99: 0 | H99: 0 | I99: 0 | J99: 0 | K99: 0 | L99: 0 | M99: 0 | N99: 0 | O99: 0 | P99: 0
A100: Intake 1 - PT Tnologist | B100: 0 | C100: 0 | D100: 0 | E100: 0 | F100: 0 | G100: 0 | H100: 0 | I100: 0 | J100: 0 | K100: 0 | L100: 0 | M100: 0 | N100: 0 | O100: 0 | P100: 0
A101: Intake 2 - FT Tnologist | B101: 0 | C101: 0 | D101: 0 | E101: 0 | F101: 0 | G101: 0 | H101: 0 | I101: 0 | J101: 0 | K101: 0 | L101: 0 | M101: 0 | N101: 0 | O101: 0 | P101: 0
A102: Intake 2 - PT Tnologist | B102: 0 | C102: 0 | D102: 0 | E102: 0 | F102: 0 | G102: 0 | H102: 0 | I102: 0 | J102: 0 | K102: 0 | L102: 0 | M102: 0 | N102: 0 | O102: 0 | P102: 0
A103: Ttl TCH FT Tnologist | B103: =SUM(B84,B86,B89,B91,B94,B96,B99,B101) -> 0 | C103: =SUM(C84,C86,C89,C91,C94,C96,C99,C101) -> 0 | D103: =SUM(D84,D86,D89,D91,D94,D96,D99,D101) -> 0 | E103: =SUM(E84,E86,E89,E91,E94,E96,E99,E101) -> 0 | F103: =SUM(F84,F86,F89,F91,F94,F96,F99,F101) -> 0 | G103: =SUM(G84,G86,G89,G91,G94,G96,G99,G101) -> 0 | H103: =SUM(H84,H86,H89,H91,H94,H96,H99,H101) -> 0 | I103: =SUM(I84,I86,I89,I91,I94,I96,I99,I101) -> 0 | ... P103: =SUM(P84,P86,P89,P91,P94,P96,P99,P101) -> 0
A104: Ttl TCH PT Tnologist | B104: =SUM(B85,B87,B90,B92,B95,B97,B100,B102) -> 0 | C104: =SUM(C85,C87,C90,C92,C95,C97,C100,C102) -> 0 | D104: =SUM(D85,D87,D90,D92,D95,D97,D100,D102) -> 0 | E104: =SUM(E85,E87,E90,E92,E95,E97,E100,E102) -> 0 | F104: =SUM(F85,F87,F90,F92,F95,F97,F100,F102) -> 0 | G104: =SUM(G85,G87,G90,G92,G95,G97,G100,G102) -> 0 | H104: =SUM(H85,H87,H90,H92,H95,H97,H100,H102) -> 0 | I104: =SUM(I85,I87,I90,I92,I95,I97,I100,I102) -> 0 | ... P104: =SUM(P85,P87,P90,P92,P95,P97,P100,P102) -> 0
A105: Ttl TCH Tech | B105: =SUM(B103:B104) -> 0 | C105: =SUM(C103:C104) -> 0 | D105: =SUM(D103:D104) -> 0 | E105: =SUM(E103:E104) -> 0 | F105: =SUM(F103:F104) -> 0 | G105: =SUM(G103:G104) -> 0 | H105: =SUM(H103:H104) -> 0 | I105: =SUM(I103:I104) -> 0 | ... P105: =SUM(P103:P104) -> 0
B116: FINANCE ONLY
B118: FACULTY COST (excl Benefits)
B119: =B$6 -> 0 | E119: =E$6 -> 0 | H119: =H$6 -> 0 | K119: =K$6 -> 0 | N119: =N$6 -> 0
B120: S | C120: F | D120: W | E120: S | F120: F | G120: W | H120: S | I120: F | J120: W | K120: S | L120: F | M120: W | N120: S | O120: F | P120: W
A121: FT Faculty | B121: =B28*'Program Summary'!$C$41 -> 0 | C121: =C28*'Program Summary'!$C$41 -> 0 | D121: =D28*'Program Summary'!$C$41 -> 0 | E121: =E28*'Program Summary'!$C$41 -> 0 | F121: =F28*'Program Summary'!$C$41 -> 0 | G121: =G28*'Program Summary'!$C$41 -> 0 | H121: =H28*'Program Summary'!$C$41 -> 0 | I121: =I28*'Program Summary'!$C$41 -> 0 | ... P121: =P28*'Program Summary'!$C$41 -> 0
A122: PT Faculty | B122: =B29*'Program Summary'!$C$42 -> 0 | C122: =C29*'Program Summary'!$C$42 -> 0 | D122: =D29*'Program Summary'!$C$42 -> 0 | E122: =E29*'Program Summary'!$C$42 -> 0 | F122: =F29*'Program Summary'!$C$42 -> 0 | G122: =G29*'Program Summary'!$C$42 -> 0 | H122: =H29*'Program Summary'!$C$42 -> 0 | I122: =I29*'Program Summary'!$C$42 -> 0 | ... P122: =P29*'Program Summary'!$C$42 -> 0
A123: Ttl Faculty Cost | B123: =SUM(B121:B122) -> 0 | C123: =SUM(C121:C122) -> 0 | D123: =SUM(D121:D122) -> 0 | E123: =SUM(E121:E122) -> 0 | F123: =SUM(F121:F122) -> 0 | G123: =SUM(G121:G122) -> 0 | H123: =SUM(H121:H122) -> 0 | I123: =SUM(I121:I122) -> 0 | ... P123: =SUM(P121:P122) -> 0
B125: TECHNICIAN COST (excl Benefits)
B126: =B$6 -> 0 | E126: =E$6 -> 0 | H126: =H$6 -> 0 | K126: =K$6 -> 0 | N126: =N$6 -> 0
B127: S | C127: F | D127: W | E127: S | F127: F | G127: W | H127: S | I127: F | J127: W | K127: S | L127: F | M127: W | N127: S | O127: F | P127: W
A128: FT Technician | B128: =B66*'Program Summary'!$C$43 -> 0 | C128: =C66*'Program Summary'!$C$43 -> 0 | D128: =D66*'Program Summary'!$C$43 -> 0 | E128: =E66*'Program Summary'!$C$43 -> 0 | F128: =F66*'Program Summary'!$C$43 -> 0 | G128: =G66*'Program Summary'!$C$43 -> 0 | H128: =H66*'Program Summary'!$C$43 -> 0 | I128: =I66*'Program Summary'!$C$43 -> 0 | ... P128: =P66*'Program Summary'!$C$43 -> 0
A129: PT Technician | B129: =B67*'Program Summary'!$C$44 -> 0 | C129: =C67*'Program Summary'!$C$44 -> 0 | D129: =D67*'Program Summary'!$C$44 -> 0 | E129: =E67*'Program Summary'!$C$44 -> 0 | F129: =F67*'Program Summary'!$C$44 -> 0 | G129: =G67*'Program Summary'!$C$44 -> 0 | H129: =H67*'Program Summary'!$C$44 -> 0 | I129: =I67*'Program Summary'!$C$44 -> 0 | ... P129: =P67*'Program Summary'!$C$44 -> 0
A130: Ttl Tech Cost | B130: =SUM(B128:B129) -> 0 | C130: =SUM(C128:C129) -> 0 | D130: =SUM(D128:D129) -> 0 | E130: =SUM(E128:E129) -> 0 | F130: =SUM(F128:F129) -> 0 | G130: =SUM(G128:G129) -> 0 | H130: =SUM(H128:H129) -> 0 | I130: =SUM(I128:I129) -> 0 | ... P130: =SUM(P128:P129) -> 0
B132: TECHNOLOGIST COST (excl Benefits)
B133: =B$6 -> 0 | E133: =E$6 -> 0 | H133: =H$6 -> 0 | K133: =K$6 -> 0 | N133: =N$6 -> 0
B134: S | C134: F | D134: W | E134: S | F134: F | G134: W | H134: S | I134: F | J134: W | K134: S | L134: F | M134: W | N134: S | O134: F | P134: W
A135: FT Technologist | B135: =B103*'Program Summary'!$C$45 -> 0 | C135: =C103*'Program Summary'!$C$45 -> 0 | D135: =D103*'Program Summary'!$C$45 -> 0 | E135: =E103*'Program Summary'!$C$45 -> 0 | F135: =F103*'Program Summary'!$C$45 -> 0 | G135: =G103*'Program Summary'!$C$45 -> 0 | H135: =H103*'Program Summary'!$C$45 -> 0 | I135: =I103*'Program Summary'!$C$45 -> 0 | ... P135: =P103*'Program Summary'!$C$45 -> 0
...

Sheet GECD
A1: Program Costing Gen Ed Comms Degrees Forecast | N1: Version Date: | O1: ='Program Summary'!$C$2 -> 0
A2: Program Name: | B2: ='Program Summary'!C3 -> 0 | N2: Location: | O2: ='Program Summary'!$C$4 -> 0
A3: Launch Date | B3: ='Program Summary'!C5 -> 0
B5: Number of GEN ED COMMS COURSES
A6: Fiscal Year | B6: =B3 -> 0 | E6: =Enrolment!E6 -> 0 | H6: =Enrolment!H6 -> 0 | K6: =Enrolment!K6 -> 0 | N6: =Enrolment!N6 -> 0
B7: S | C7: F | D7: W | E7: S | F7: F | G7: W | H7: S | I7: F | J7: W | K7: S | L7: F | M7: W | N7: S | O7: F | P7: W
A8: Year 1
A9: Intake 1 - Gen Ed | B9: 0 | C9: 0 | D9: 0 | E9: 0 | F9: 0 | G9: 0 | H9: 0 | I9: 0 | J9: 0 | K9: 0 | L9: 0 | M9: 0 | N9: 0 | O9: 0 | P9: 0
A10: Intake 2 - Gen Ed | B10: 0 | C10: 0 | D10: 0 | E10: 0 | F10: 0 | G10: 0 | H10: 0 | I10: 0 | J10: 0 | K10: 0 | L10: 0 | M10: 0 | N10: 0 | O10: 0 | P10: 0
A11: Year 2
A12: Intake 1 - Gen Ed | B12: 0 | C12: 0 | D12: 0 | E12: 0 | F12: 0 | G12: 0 | H12: 0 | I12: 0 | J12: 0 | K12: 0 | L12: 0 | M12: 0 | N12: 0 | O12: 0 | P12: 0
A13: Intake 2 - Gen Ed | B13: 0 | C13: 0 | D13: 0 | E13: 0 | F13: 0 | G13: 0 | H13: 0 | I13: 0 | J13: 0 | K13: 0 | L13: 0 | M13: 0 | N13: 0 | O13: 0 | P13: 0
A14: Year 3
A15: Intake 1 - Gen Ed | B15: 0 | C15: 0 | D15: 0 | E15: 0 | F15: 0 | G15: 0 | H15: 0 | I15: 0 | J15: 0 | K15: 0 | L15: 0 | M15: 0 | N15: 0 | O15: 0 | P15: 0
A16: Intake 2 - Gen Ed | B16: 0 | C16: 0 | D16: 0 | E16: 0 | F16: 0 | G16: 0 | H16: 0 | I16: 0 | J16: 0 | K16: 0 | L16: 0 | M16: 0 | N16: 0 | O16: 0 | P16: 0
A17: Year 4
A18: Intake 1 - Gen Ed | B18: 0 | C18: 0 | D18: 0 | E18: 0 | F18: 0 | G18: 0 | H18: 0 | I18: 0 | J18: 0 | K18: 0 | L18: 0 | M18: 0 | N18: 0 | O18: 0 | P18: 0
A19: Intake 2 - Gen Ed | B19: 0 | C19: 0 | D19: 0 | E19: 0 | F19: 0 | G19: 0 | H19: 0 | I19: 0 | J19: 0 | K19: 0 | L19: 0 | M19: 0 | N19: 0 | O19: 0 | P19: 0
A20: Ttl Courses | B20: =SUM(B8:B19) -> 0 | C20: =SUM(C8:C19) -> 0 | D20: =SUM(D8:D19) -> 0 | E20: =SUM(E8:E19) -> 0 | F20: =SUM(F8:F19) -> 0 | G20: =SUM(G8:G19) -> 0 | H20: =SUM(H8:H19) -> 0 | I20: =SUM(I8:I19) -> 0 | ... P20: =SUM(P8:P19) -> 0
B22: Number of COLLEGE DEGREE BREADTH COURSES
A23: Fiscal Year | B23: =B20 -> 0 | E23: =Enrolment!E23 -> 0 | H23: =Enrolment!H23 -> 0 | K23: =Enrolment!K23 -> 0 | N23: =Enrolment!N23 -> 0
B24: S | C24: F | D24: W | E24: S | F24: F | G24: W | H24: S | I24: F | J24: W | K24: S | L24: F | M24: W | N24: S | O24: F | P24: W
A25: Year 1
A26: Intake 1 - Degree | B26: 0 | C26: 0 | D26: 0 | E26: 0 | F26: 0 | G26: 0 | H26: 0 | I26: 0 | J26: 0 | K26: 0 | L26: 0 | M26: 0 | N26: 0 | O26: 0 | P26: 0
A27: Intake 2 - Degree | B27: 0 | C27: 0 | D27: 0 | E27: 0 | F27: 0 | G27: 0 | H27: 0 | I27: 0 | J27: 0 | K27: 0 | L27: 0 | M27: 0 | N27: 0 | O27: 0 | P27: 0
A28: Year 2
A29: Intake 1 - Degree | B29: 0 | C29: 0 | D29: 0 | E29: 0 | F29: 0 | G29: 0 | H29: 0 | I29: 0 | J29: 0 | K29: 0 | L29: 0 | M29: 0 | N29: 0 | O29: 0 | P29: 0
A30: Intake 2 - Degree | B30: 0 | C30: 0 | D30: 0 | E30: 0 | F30: 0 | G30: 0 | H30: 0 | I30: 0 | J30: 0 | K30: 0 | L30: 0 | M30: 0 | N30: 0 | O30: 0 | P30: 0
A31: Year 3
A32: Intake 1 - Degree | B32: 0 | C32: 0 | D32: 0 | E32: 0 | F32: 0 | G32: 0 | H32: 0 | I32: 0 | J32: 0 | K32: 0 | L32: 0 | M32: 0 | N32: 0 | O32: 0 | P32: 0
A33: Intake 2 - Degree | B33: 0 | C33: 0 | D33: 0 | E33: 0 | F33: 0 | G33: 0 | H33: 0 | I33: 0 | J33: 0 | K33: 0 | L33: 0 | M33: 0 | N33: 0 | O33: 0 | P33: 0
A34: Year 4
A35: Intake 1 - Degree | B35: 0 | C35: 0 | D35: 0 | E35: 0 | F35: 0 | G35: 0 | H35: 0 | I35: 0 | J35: 0 | K35: 0 | L35: 0 | M35: 0 | N35: 0 | O35: 0 | P35: 0
A36: Intake 2 - Degree | B36: 0 | C36: 0 | D36: 0 | E36: 0 | F36: 0 | G36: 0 | H36: 0 | I36: 0 | J36: 0 | K36: 0 | L36: 0 | M36: 0 | N36: 0 | O36: 0 | P36: 0
A37: Ttl Courses | B37: =SUM(B25:B36) -> 0 | C37: =SUM(C25:C36) -> 0 | D37: =SUM(D25:D36) -> 0 | E37: =SUM(E25:E36) -> 0 | F37: =SUM(F25:F36) -> 0 | G37: =SUM(G25:G36) -> 0 | H37: =SUM(H25:H36) -> 0 | I37: =SUM(I25:I36) -> 0 | ... P37: =SUM(P25:P36) -> 0
B49: FINANCE ONLY - GEN ED COMMS COURSES * STUDENTS
B50: =B6 -> 0 | E50: =E6 -> 0 | H50: =H6 -> 0 | K50: =K6 -> 0 | N50: =N6 -> 0
B51: S | C51: F | D51: W | E51: S | F51: F | G51: W | H51: S | I51: F | J51: W | K51: S | L51: F | M51: W | N51: S | O51: F | P51: W
A52: Year 1
A53: Intake 1 - Gen Ed | B53: =B9*Enrolment!B48 -> 0 | C53: =C9*Enrolment!C48 -> 0 | D53: =D9*Enrolment!D48 -> 0 | E53: =E9*Enrolment!E48 -> 0 | F53: =F9*Enrolment!F48 -> 0 | G53: =G9*Enrolment!G48 -> 0 | H53: =H9*Enrolment!H48 -> 0 | I53: =I9*Enrolment!I48 -> 0 | ... P53: =P9*Enrolment!P48 -> 0
A54: Intake 2 - Gen Ed | B54: =B10*Enrolment!B49 -> 0 | C54: =C10*Enrolment!C49 -> 0 | D54: =D10*Enrolment!D49 -> 0 | E54: =E10*Enrolment!E49 -> 0 | F54: =F10*Enrolment!F49 -> 0 | G54: =G10*Enrolment!G49 -> 0 | H54: =H10*Enrolment!H49 -> 0 | I54: =I10*Enrolment!I49 -> 0 | ... P54: =P10*Enrolment!P49 -> 0
A55: Year 2
A56: Intake 1 - Gen Ed | B56: =B12*Enrolment!B51 -> 0 | C56: =C12*Enrolment!C51 -> 0 | D56: =D12*Enrolment!D51 -> 0 | E56: =E12*Enrolment!E51 -> 0 | F56: =F12*Enrolment!F51 -> 0 | G56: =G12*Enrolment!G51 -> 0 | H56: =H12*Enrolment!H51 -> 0 | I56: =I12*Enrolment!I51 -> 0 | ... P56: =P12*Enrolment!P51 -> 0
A57: Intake 2 - Gen Ed | B57: =B13*Enrolment!B52 -> 0 | C57: =C13*Enrolment!C52 -> 0 | D57: =D13*Enrolment!D52 -> 0 | E57: =E13*Enrolment!E52 -> 0 | F57: =F13*Enrolment!F52 -> 0 | G57: =G13*Enrolment!G52 -> 0 | H57: =H13*Enrolment!H52 -> 0 | I57: =I13*Enrolment!I52 -> 0 | ... P57: =P13*Enrolment!P52 -> 0
A58: Year 3
A59: Intake 1 - Gen Ed | B59: =B15*Enrolment!B54 -> 0 | C59: =C15*Enrolment!C54 -> 0 | D59: =D15*Enrolment!D54 -> 0 | E59: =E15*Enrolment!E54 -> 0 | F59: =F15*Enrolment!F54 -> 0 | G59: =G15*Enrolment!G54 -> 0 | H59: =H15*Enrolment!H54 -> 0 | I59: =I15*Enrolment!I54 -> 0 | ... P59: =P15*Enrolment!P54 -> 0
A60: Intake 2 - Gen Ed | B60: =B16*Enrolment!B55 -> 0 | C60: =C16*Enrolment!C55 -> 0 | D60: =D16*Enrolment!D55 -> 0 | E60: =E16*Enrolment!E55 -> 0 | F60: =F16*Enrolment!F55 -> 0 | G60: =G16*Enrolment!G55 -> 0 | H60: =H16*Enrolment!H55 -> 0 | I60: =I16*Enrolment!I55 -> 0 | ... P60: =P16*Enrolment!P55 -> 0
A61: Year 4
A62: Intake 1 - Gen Ed | B62: =B18*Enrolment!B57 -> 0 | C62: =C18*Enrolment!C57 -> 0 | D62: =D18*Enrolment!D57 -> 0 | E62: =E18*Enrolment!E57 -> 0 | F62: =F18*Enrolment!F57 -> 0 | G62: =G18*Enrolment!G57 -> 0 | H62: =H18*Enrolment!H57 -> 0 | I62: =I18*Enrolment!I57 -> 0 | ... P62: =P18*Enrolment!P57 -> 0
A63: Intake 2 - Gen Ed | B63: =B19*Enrolment!B58 -> 0 | C63: =C19*Enrolment!C58 -> 0 | D63: =D19*Enrolment!D58 -> 0 | E63: =E19*Enrolment!E58 -> 0 | F63: =F19*Enrolment!F58 -> 0 | G63: =G19*Enrolment!G58 -> 0 | H63: =H19*Enrolment!H58 -> 0 | I63: =I19*Enrolment!I58 -> 0 | ... P63: =P19*Enrolment!P58 -> 0
A64: Ttl Crs * Stu | B64: =SUM(B52:B63) -> 0 | C64: =SUM(C52:C63) -> 0 | D64: =SUM(D52:D63) -> 0 | E64: =SUM(E52:E63) -> 0 | F64: =SUM(F52:F63) -> 0 | G64: =SUM(G52:G63) -> 0 | H64: =SUM(H52:H63) -> 0 | I64: =SUM(I52:I63) -> 0 | ... P64: =SUM(P52:P63) -> 0
B66: FINANCE ONLY - COLLEGE DEGREE COURSES * STUDENTS
B67: =B50 -> 0 | E67: =E50 -> 0 | H67: =H50 -> 0 | K67: =K50 -> 0 | N67: =N50 -> 0
B68: S | C68: F | D68: W | E68: S | F68: F | G68: W | H68: S | I68: F | J68: W | K68: S | L68: F | M68: W | N68: S | O68: F | P68: W
A69: Year 1
A70: Intake 1 - Degree | B70: =B26*Enrolment!B48 -> 0 | C70: =C26*Enrolment!C48 -> 0 | D70: =D26*Enrolment!D48 -> 0 | E70: =E26*Enrolment!E48 -> 0 | F70: =F26*Enrolment!F48 -> 0 | G70: =G26*Enrolment!G48 -> 0 | H70: =H26*Enrolment!H48 -> 0 | I70: =I26*Enrolment!I48 -> 0 | ... P70: =P26*Enrolment!P48 -> 0
A71: Intake 2 - Degree | B71: =B27*Enrolment!B49 -> 0 | C71: =C27*Enrolment!C49 -> 0 | D71: =D27*Enrolment!D49 -> 0 | E71: =E27*Enrolment!E49 -> 0 | F71: =F27*Enrolment!F49 -> 0 | G71: =G27*Enrolment!G49 -> 0 | H71: =H27*Enrolment!H49 -> 0 | I71: =I27*Enrolment!I49 -> 0 | ... P71: =P27*Enrolment!P49 -> 0
A72: Year 2
A73: Intake 1 - Degree | B73: =B29*Enrolment!B51 -> 0 | C73: =C29*Enrolment!C51 -> 0 | D73: =D29*Enrolment!D51 -> 0 | E73: =E29*Enrolment!E51 -> 0 | F73: =F29*Enrolment!F51 -> 0 | G73: =G29*Enrolment!G51 -> 0 | H73: =H29*Enrolment!H51 -> 0 | I73: =I29*Enrolment!I51 -> 0 | ... P73: =P29*Enrolment!P51 -> 0
A74: Intake 2 - Degree | B74: =B30*Enrolment!B52 -> 0 | C74: =C30*Enrolment!C52 -> 0 | D74: =D30*Enrolment!D52 -> 0 | E74: =E30*Enrolment!E52 -> 0 | F74: =F30*Enrolment!F52 -> 0 | G74: =G30*Enrolment!G52 -> 0 | H74: =H30*Enrolment!H52 -> 0 | I74: =I30*Enrolment!I52 -> 0 | ... P74: =P30*Enrolment!P52 -> 0
A75: Year 3
A76: Intake 1 - Degree | B76: =B32*Enrolment!B54 -> 0 | C76: =C32*Enrolment!C54 -> 0 | D76: =D32*Enrolment!D54 -> 0 | E76: =E32*Enrolment!E54 -> 0 | F76: =F32*Enrolment!F54 -> 0 | G76: =G32*Enrolment!G54 -> 0 | H76: =H32*Enrolment!H54 -> 0 | I76: =I32*Enrolment!I54 -> 0 | ... P76: =P32*Enrolment!P54 -> 0
A77: Intake 2 - Degree | B77: =B33*Enrolment!B55 -> 0 | C77: =C33*Enrolment!C55 -> 0 | D77: =D33*Enrolment!D55 -> 0 | E77: =E33*Enrolment!E55 -> 0 | F77: =F33*Enrolment!F55 -> 0 | G77: =G33*Enrolment!G55 -> 0 | H77: =H33*Enrolment!H55 -> 0 | I77: =I33*Enrolment!I55 -> 0 | ... P77: =P33*Enrolment!P55 -> 0
A78: Year 4
A79: Intake 1 - Degree | B79: =B35*Enrolment!B57 -> 0 | C79: =C35*Enrolment!C57 -> 0 | D79: =D35*Enrolment!D57 -> 0 | E79: =E35*Enrolment!E57 -> 0 | F79: =F35*Enrolment!F57 -> 0 | G79: =G35*Enrolment!G57 -> 0 | H79: =H35*Enrolment!H57 -> 0 | I79: =I35*Enrolment!I57 -> 0 | ... P79: =P35*Enrolment!P57 -> 0
A80: Intake 2 - Degree | B80: =B36*Enrolment!B58 -> 0 | C80: =C36*Enrolment!C58 -> 0 | D80: =D36*Enrolment!D58 -> 0 | E80: =E36*Enrolment!E58 -> 0 | F80: =F36*Enrolment!F58 -> 0 | G80: =G36*Enrolment!G58 -> 0 | H80: =H36*Enrolment!H58 -> 0 | I80: =I36*Enrolment!I58 -> 0 | ... P80: =P36*Enrolment!P58 -> 0
A81: Ttl Crs * Stu | B81: =SUM(B69:B80) -> 0 | C81: =SUM(C69:C80) -> 0 | D81: =SUM(D69:D80) -> 0 | E81: =SUM(E69:E80) -> 0 | F81: =SUM(F69:F80) -> 0 | G81: =SUM(G69:G80) -> 0 | H81: =SUM(H69:H80) -> 0 | I81: =SUM(I69:I80) -> 0 | ... P81: =SUM(P69:P80) -> 0

Sheet Other
A1: Program Costing Other Revenue and Expense Forecast | E1: Version Date: | F1: ='Program Summary'!$C$2 -> 0
A2: =CONCATENATE("Program Name: ",'Program Summary'!C3) -> Program Name: | E2: Location: | F2: ='Program Summary'!$C$4 -> 0
A3: =CONCATENATE("Launch Date: ",'Program Summary'!C5) -> Launch Date:
A5: Fiscal Year | B5: =Enrolment!B6 -> 0 | C5: =Enrolment!E6 -> 0 | D5: =Enrolment!H6 -> 0 | E5: =Enrolment!K6 -> 0 | F5: =Enrolment!N6 -> 0
A6: Other Revenues
A7: Other Revenue 1 | B7: 0 | C7: 0 | D7: 0 | E7: 0 | F7: 0
A8: Other Revenue 2 | B8: 0 | C8: 0 | D8: 0 | E8: 0 | F8: 0
A9: Total Other Revenues | B9: =SUM(B7:B8) -> 0 | C9: =SUM(C7:C8) -> 0 | D9: =SUM(D7:D8) -> 0 | E9: =SUM(E7:E8) -> 0 | F9: =SUM(F7:F8) -> 0
A18: Program Development Number of Downloads
A19: Pgm Development: On-Line | B19: 0 | C19: 0 | D19: 0 | E19: 0 | F19: 0
A20: Pgm Development: Excluding On-Line | B20: 0 | C20: 0 | D20: 0 | E20: 0 | F20: 0
A22: Program Development Costs - $5K / download
A23: Program Development Costs, on-line | B23: =B19*5000 -> 0 | C23: =C19*5000 -> 0 | D23: =D19*5000 -> 0 | E23: =E19*5000 -> 0 | F23: =F19*5000 -> 0
A24: Program Development Costs, excluding on-line | B24: =B20*5000 -> 0 | C24: =C20*5000 -> 0 | D24: =D20*5000 -> 0 | E24: =E20*5000 -> 0 | F24: =F20*5000 -> 0
A26: Other New Salary Costs, Excl Benefits
A27: New FT Support | B27: 0 | C27: 0 | D27: 0 | E27: 0 | F27: 0
A28: New PT Support | B28: 0 | C28: 0 | D28: 0 | E28: 0 | F28: 0
A29: Total Other Salary Costs, excl Benefits | B29: =SUM(B23:B28) -> 0 | C29: =SUM(C23:C28) -> 0 | D29: =SUM(D23:D28) -> 0 | E29: =SUM(E23:E28) -> 0 | F29: =SUM(F23:F28) -> 0
A39: Non Salary Direct
A40: Instructional | B40: 0 | C40: 0 | D40: 0 | E40: 0 | F40: 0
A41: Specialized Equipment - Non Capital | B41: 0 | C41: 0 | D41: 0 | E41: 0 | F41: 0
A42: Other Non Salary 1 | B42: 0 | C42: 0 | D42: 0 | E42: 0 | F42: 0
A43: Other Non Salary 2 | B43: 0 | C43: 0 | D43: 0 | E43: 0 | F43: 0
A44: Other Non Salary 3 | B44: 0 | C44: 0 | D44: 0 | E44: 0 | F44: 0
A45: Total Non Salary Direct | B45: =SUM(B40:B44) -> 0 | C45: =SUM(C40:C44) -> 0 | D45: =SUM(D40:D44) -> 0 | E45: =SUM(E40:E44) -> 0 | F45: =SUM(F40:F44) -> 0
A54: Capital
A55: Stakeholder Capital Costs | B55: =SUM('Stake - Facilities'!C9:C13)+SUM('Stake - IT'!C9:C13)+SUM('Stake - Student Services'!C9:C13)+SUM('Stake - Marketing'!C9:C13)+SUM('Stake - Other'!C9:C13) -> 0 | C55: =SUM('Stake - Facilities'!D9:D13)+SUM('Stake - IT'!D9:D13)+SUM('Stake - Student Services'!D9:D13)+SUM('Stake - Marketing'!D9:D13)+SUM('Stake - Other'!D9:D13) -> 0 | D55: =SUM('Stake - Facilities'!E9:E13)+SUM('Stake - IT'!E9:E13)+SUM('Stake - Student Services'!E9:E13)+SUM('Stake - Marketing'!E9:E13)+SUM('Stake - Other'!E9:E13) -> 0 | E55: =SUM('Stake - Facilities'!F9:F13)+SUM('Stake - IT'!F9:F13)+SUM('Stake - Student Services'!F9:F13)+SUM('Stake - Marketing'!F9:F13)+SUM('Stake - Other'!F9:F13) -> 0 | F55: =SUM('Stake - Facilities'!G9:G13)+SUM('Stake - IT'!G9:G13)+SUM('Stake - Student Services'!G9:G13)+SUM('Stake - Marketing'!G9:G13)+SUM('Stake - Other'!G9:G13) -> 0
A56: Other Capital 1 | B56: 0 | C56: 0 | D56: 0 | E56: 0 | F56: 0
A57: Other Capital 2 | B57: 0 | C57: 0 | D57: 0 | E57: 0 | F57: 0
A58: Total Capital | B58: =SUM(B55:B57) -> 0 | C58: =SUM(C55:C57) -> 0 | D58: =SUM(D55:D57) -> 0 | E58: =SUM(E55:E57) -> 0 | F58: =SUM(F55:F57) -> 0
A67: Non Salary Charges to be incurred by Other Stakeholders
A68: Facilities Management | B68: =SUM('Stake - Facilities'!C15:C19) -> 0 | C68: =SUM('Stake - Facilities'!D15:D19) -> 0 | D68: =SUM('Stake - Facilities'!E15:E19) -> 0 | E68: =SUM('Stake - Facilities'!F15:F19) -> 0 | F68: =SUM('Stake - Facilities'!G15:G19) -> 0
A69: Information Technology | B69: =SUM('Stake - IT'!C15:C19) -> 0 | C69: =SUM('Stake - IT'!D15:D19) -> 0 | D69: =SUM('Stake - IT'!E15:E19) -> 0 | E69: =SUM('Stake - IT'!F15:F19) -> 0 | F69: =SUM('Stake - IT'!G15:G19) -> 0
A70: Student Services | B70: =SUM('Stake - Student Services'!C15:C19)+'Stake - Student Services'!C22 -> 0 | C70: =SUM('Stake - Student Services'!D15:D19)+'Stake - Student Services'!D22 -> 0 | D70: =SUM('Stake - Student Services'!E15:E19)+'Stake - Student Services'!E22 -> 0 | E70: =SUM('Stake - Student Services'!F15:F19)+'Stake - Student Services'!F22 -> 0 | F70: =SUM('Stake - Student Services'!G15:G19)+'Stake - Student Services'!G22 -> 0
A71: Marketing | B71: =SUM('Stake - Marketing'!C15:C19) -> 0 | C71: =SUM('Stake - Marketing'!D15:D19) -> 0 | D71: =SUM('Stake - Marketing'!E15:E19) -> 0 | E71: =SUM('Stake - Marketing'!F15:F19) -> 0 | F71: =SUM('Stake - Marketing'!G15:G19) -> 0
A72: Other | B72: =SUM('Stake - Other'!C15:C19) -> 0 | C72: =SUM('Stake - Other'!D15:D19) -> 0 | D72: =SUM('Stake - Other'!E15:E19) -> 0 | E72: =SUM('Stake - Other'!F15:F19) -> 0 | F72: =SUM('Stake - Other'!G15:G19) -> 0
A73: Total Non Salary Direct - Other Deptids | B73: =SUM(B68:B72) -> 0 | C73: =SUM(C68:C72) -> 0 | D73: =SUM(D68:D72) -> 0 | E73: =SUM(E68:E72) -> 0 | F73: =SUM(F68:F72) -> 0
A84: Data Validation
A85: 0
A86: 1
A87: 2
A88: 3
A89: 4
A90: 5
A91: 6
A92: 7
A93: 8
A94: 9
A95: 10

Sheet Summary - Finance
A1: Program Costing Summary - Finance | E1: Version Date: | F1: ='Program Summary'!$C$2 -> 0
A2: =CONCATENATE("Program Name: ",'Program Summary'!C3) -> Program Name: | E2: Location: | F2: ='Program Summary'!$C$4 -> 0
A3: =CONCATENATE("Launch Date: ",'Program Summary'!C5) -> Launch Date:
A5: Fiscal Year | B5: =Enrolment!B6 -> 0 | C5: =Enrolment!E6 -> 0 | D5: =Enrolment!H6 -> 0 | E5: =Enrolment!K6 -> 0 | F5: =Enrolment!N6 -> 0 | G5: Account for Budget | H5: Account Note
A6: Revenues
A7: Domestic Tuition | B7: =SUM(Enrolment!B65:D65) -> 0 | C7: =SUM(Enrolment!E65:G65) -> 0 | D7: =SUM(Enrolment!H65:J65) -> 0 | E7: =SUM(Enrolment!K65:M65) -> 0 | F7: =SUM(Enrolment!N65:P65) -> 0 | G7: n/a | H7: populated from Hyperion
A8: Domestic Grant | B8: =SUM(Enrolment!B66:D66) -> 0 | C8: =SUM(Enrolment!E66:G66) -> 0 | D8: =SUM(Enrolment!H66:J66) -> 0 | E8: =SUM(Enrolment!K66:M66) -> 0 | F8: =SUM(Enrolment!N66:P66) -> 0 | G8: n/a | H8: populated from Hyperion
A9: International Tuition | B9: =SUM(Enrolment!B67:D67) -> 0 | C9: =SUM(Enrolment!E67:G67) -> 0 | D9: =SUM(Enrolment!H67:J67) -> 0 | E9: =SUM(Enrolment!K67:M67) -> 0 | F9: =SUM(Enrolment!N67:P67) -> 0 | G9: n/a | H9: populated from Hyperion
A10: Incidental Fees | B10: =SUM(Enrolment!B68:D68) -> 0 | C10: =SUM(Enrolment!E68:G68) -> 0 | D10: =SUM(Enrolment!H68:J68) -> 0 | E10: =SUM(Enrolment!K68:M68) -> 0 | F10: =SUM(Enrolment!N68:P68) -> 0 | G10: n/a | H10: populated from Hyperion
A11: Other | B11: =Other!B9 -> 0 | C11: =Other!C9 -> 0 | D11: =Other!D9 -> 0 | E11: =Other!E9 -> 0 | F11: =Other!F9 -> 0 | G11: TBD
A12: Total Revenues | B12: =SUM(B7:B11) -> 0 | C12: =SUM(C7:C11) -> 0 | D12: =SUM(D7:D11) -> 0 | E12: =SUM(E7:E11) -> 0 | F12: =SUM(F7:F11) -> 0
A14: FT Salaries and Benefits
A15: Faculty | B15: =SUM(TCH!B121:D121) -> 0 | C15: =SUM(TCH!E121:G121) -> 0 | D15: =SUM(TCH!H121:J121) -> 0 | E15: =SUM(TCH!K121:M121) -> 0 | F15: =SUM(TCH!N121:P121) -> 0 | G15: n/a | H15: populated from Labour Planning
A16: Faculty CPP EI EHT | B16: =B$15*$B$104 -> 0 | C16: =C$15*$B$104 -> 0 | D16: =D$15*$B$104 -> 0 | E16: =E$15*$B$104 -> 0 | F16: =F$15*$B$104 -> 0 | G16: n/a | H16: populated from Labour Planning
A17: Faculty Ext Benefits | B17: =B$15*$C$104 -> 0 | C17: =C$15*$C$104 -> 0 | D17: =D$15*$C$104 -> 0 | E17: =E$15*$C$104 -> 0 | F17: =F$15*$C$104 -> 0 | G17: n/a | H17: populated from Labour Planning
A18: Faculty CAAT | B18: =B$15*$D$104 -> 0 | C18: =C$15*$D$104 -> 0 | D18: =D$15*$D$104 -> 0 | E18: =E$15*$D$104 -> 0 | F18: =F$15*$D$104 -> 0 | G18: n/a | H18: populated from Labour Planning
A19: Support | B19: =SUM(TCH!B128:D128)+SUM(TCH!B135:D135)+Other!B27 -> 0 | C19: =SUM(TCH!E128:G128)+SUM(TCH!E135:G135)+Other!C27 -> 0 | D19: =SUM(TCH!H128:J128)+SUM(TCH!H135:J135)+Other!D27 -> 0 | E19: =SUM(TCH!K128:M128)+SUM(TCH!K135:M135)+Other!E27 -> 0 | F19: =SUM(TCH!N128:P128)+SUM(TCH!N135:P135)+Other!F27 -> 0 | G19: n/a | H19: populated from Labour Planning
A20: Support CPP EI EHT | B20: =B$19*$B$105 -> 0 | C20: =C$19*$B$104 -> 0 | D20: =D$19*$B$104 -> 0 | E20: =E$19*$B$104 -> 0 | F20: =F$19*$B$104 -> 0 | G20: n/a | H20: populated from Labour Planning
A21: Support Ext Benefits | B21: =B$19*$C$105 -> 0 | C21: =C$19*$C$105 -> 0 | D21: =D$19*$C$105 -> 0 | E21: =E$19*$C$105 -> 0 | F21: =F$19*$C$105 -> 0 | G21: n/a | H21: populated from Labour Planning
A22: Support CAAT | B22: =B$19*$D$105 -> 0 | C22: =C$19*$D$105 -> 0 | D22: =D$19*$D$105 -> 0 | E22: =E$19*$D$105 -> 0 | F22: =F$19*$D$105 -> 0 | G22: n/a | H22: populated from Labour Planning
A23: Total FT Salaries and Benefits | B23: =SUM(B15:B22) -> 0 | C23: =SUM(C15:C22) -> 0 | D23: =SUM(D15:D22) -> 0 | E23: =SUM(E15:E22) -> 0 | F23: =SUM(F15:F22) -> 0
A25: PT Salaries and Benefits
A26: Faculty Teaching | B26: =SUM(TCH!B122:D122) -> 0 | C26: =SUM(TCH!E122:G122) -> 0 | D26: =SUM(TCH!H122:J122) -> 0 | E26: =SUM(TCH!K122:M122) -> 0 | F26: =SUM(TCH!N122:P122) -> 0 | G26: n/a | H26: populated from TCH process
A27: Faculty Teaching CPP EI EHT | B27: =B$26*$B$106 -> 0 | C27: =C$26*$B$106 -> 0 | D27: =D$26*$B$106 -> 0 | E27: =E$26*$B$106 -> 0 | F27: =F$26*$B$106 -> 0 | G27: n/a | H27: populated from TCH process
A28: Faculty Teaching Ext Benefits | B28: =B$26*$C$106 -> 0 | C28: =C$26*$C$106 -> 0 | D28: =D$26*$C$106 -> 0 | E28: =E$26*$C$106 -> 0 | F28: =F$26*$C$106 -> 0 | G28: n/a | H28: populated from TCH process
A29: Faculty Teaching CAAT | B29: =B$26*$D$106 -> 0 | C29: =C$26*$D$106 -> 0 | D29: =D$26*$D$106 -> 0 | E29: =E$26*$D$106 -> 0 | F29: =F$26*$D$106 -> 0 | G29: n/a | H29: populated from TCH process
A30: Faculty Pgm Dev | B30: =SUM(Other!B23:B24) -> 0 | C30: =SUM(Other!C23:C24) -> 0 | D30: =SUM(Other!D23:D24) -> 0 | E30: =SUM(Other!E23:E24) -> 0 | F30: =SUM(Other!F23:F24) -> 0 | G30: 50500
A31: Faculty Pgm Dev CPP EI EHT | B31: =B$30*$B$106 -> 0 | C31: =C$30*$B$106 -> 0 | D31: =D$30*$B$106 -> 0 | E31: =E$30*$B$106 -> 0 | F31: =F$30*$B$106 -> 0 | G31: 51500
A32: Faculty Pgm Dev Ext Benefits | B32: =B$30*$C$106 -> 0 | C32: =C$30*$C$106 -> 0 | D32: =D$30*$C$106 -> 0 | E32: =E$30*$C$106 -> 0 | F32: =F$30*$C$106 -> 0 | G32: 51510
A33: Faculty Pgm Dev CAAT | B33: =B$30*$D$106 -> 0 | C33: =C$30*$D$106 -> 0 | D33: =D$30*$D$106 -> 0 | E33: =E$30*$D$106 -> 0 | F33: =F$30*$D$106 -> 0 | G33: 51530
A34: Support Tech | B34: =SUM(TCH!B129:D129)+SUM(TCH!B136:D136) -> 0 | C34: =SUM(TCH!E129:G129)+SUM(TCH!E136:G136) -> 0 | D34: =SUM(TCH!H129:J129)+SUM(TCH!H136:J136) -> 0 | E34: =SUM(TCH!K129:M129)+SUM(TCH!K136:M136) -> 0 | F34: =SUM(TCH!N129:P129)+SUM(TCH!N136:P136) -> 0 | G34: 50600
A35: Support Tech CPP EI EHT | B35: =B$34*$B$107 -> 0 | C35: =C$34*$B$107 -> 0 | D35: =D$34*$B$107 -> 0 | E35: =E$34*$B$107 -> 0 | F35: =F$34*$B$107 -> 0 | G35: 51600
A36: Support Tech Ext Benefits | B36: =B$34*$C$107 -> 0 | C36: =C$34*$C$107 -> 0 | D36: =D$34*$C$107 -> 0 | E36: =E$34*$C$107 -> 0 | F36: =F$34*$C$107 -> 0 | G36: n/a
A37: Support Tech CAAT | B37: =B$34*$D$107 -> 0 | C37: =C$34*$D$107 -> 0 | D37: =D$34*$D$107 -> 0 | E37: =E$34*$D$107 -> 0 | F37: =F$34*$D$107 -> 0 | G37: 51630
A38: Support Other | B38: =Other!B28 -> 0 | C38: =Other!C28 -> 0 | D38: =Other!D28 -> 0 | E38: =Other!E28 -> 0 | F38: =Other!F28 -> 0 | G38: 50600
A39: Support Other CPP EI EHT | B39: =B$38*$B$107 -> 0 | C39: =C$38*$B$107 -> 0 | D39: =D$38*$B$107 -> 0 | E39: =E$38*$B$107 -> 0 | F39: =F$38*$B$107 -> 0 | G39: 51600
A40: Support Other Ext Benefits | B40: =B$38*$C$107 -> 0 | C40: =C$38*$C$107 -> 0 | D40: =D$38*$C$107 -> 0 | E40: =E$38*$C$107 -> 0 | F40: =F$38*$C$107 -> 0 | G40: n/a
A41: Support Other CAAT | B41: =B$38*$D$107 -> 0 | C41: =C$38*$D$107 -> 0 | D41: =D$38*$D$107 -> 0 | E41: =E$38*$D$107 -> 0 | F41: =F$38*$D$107 -> 0 | G41: 51630
A42: Total PT Salaries Benefits | B42: =SUM(B26:B41) -> 0 | C42: =SUM(C26:C41) -> 0 | D42: =SUM(D26:D41) -> 0 | E42: =SUM(E26:E41) -> 0 | F42: =SUM(F26:F41) -> 0
A44: Non Salary Direct
A45: Incidental Fee Expense | B45: =B10 -> 0 | C45: =C10 -> 0 | D45: =D10 -> 0 | E45: =E10 -> 0 | F45: =F10 -> 0 | G45: 53000 | H45: populated from Hyperion
A46: =Other!A40 -> Instructional | B46: =Other!B40 -> 0 | C46: =Other!C40 -> 0 | D46: =Other!D40 -> 0 | E46: =Other!E40 -> 0 | F46: =Other!F40 -> 0 | G46: 54000
A47: =Other!A41 -> Specialized Equipment - Non Capital | B47: =Other!B41 -> 0 | C47: =Other!C41 -> 0 | D47: =Other!D41 -> 0 | E47: =Other!E41 -> 0 | F47: =Other!F41 -> 0 | G47: TBD
A48: =Other!A42 -> Other Non Salary 1 | B48: =Other!B42 -> 0 | C48: =Other!C42 -> 0 | D48: =Other!D42 -> 0 | E48: =Other!E42 -> 0 | F48: =Other!F42 -> 0 | G48: TBD
A49: =Other!A43 -> Other Non Salary 2 | B49: =Other!B43 -> 0 | C49: =Other!C43 -> 0 | D49: =Other!D43 -> 0 | E49: =Other!E43 -> 0 | F49: =Other!F43 -> 0 | G49: TBD
A50: =Other!A44 -> Other Non Salary 3 | B50: =Other!B44 -> 0 | C50: =Other!C44 -> 0 | D50: =Other!D44 -> 0 | E50: =Other!E44 -> 0 | F50: =Other!F44 -> 0 | G50: TBD
A51: Total Non Salary Direct | B51: =SUM(B45:B50) -> 0 | C51: =SUM(C45:C50) -> 0 | D51: =SUM(D45:D50) -> 0 | E51: =SUM(E45:E50) -> 0 | F51: =SUM(F45:F50) -> 0
A52: Non Salary (excl Incidental) Cost per Student | B52: =IFERROR(SUM(B46:B50)/B146,"") | C52: =IFERROR(SUM(C46:C50)/C146,"") | D52: =IFERROR(SUM(D46:D50)/D146,"") | E52: =IFERROR(SUM(E46:E50)/E146,"") | F52: =IFERROR(SUM(F46:F50)/F146,"")
A54: Allocations
A55: Gen Ed Comms | B55: =B114 -> 0 | C55: =C114 -> 0 | D55: =D114 -> 0 | E55: =E114 -> 0 | F55: =F114 -> 0 | G55: n/a | H55: populated using allocation methodology at time of budget year overall planning
A56: College Degree | B56: =B122 -> 0 | C56: =C122 -> 0 | D56: =D122 -> 0 | E56: =E122 -> 0 | F56: =F122 -> 0 | G56: n/a | H56: populated using allocation methodology at time of budget year overall planning
A57: Central Unallocated | B57: =B150 -> 0 | C57: =C150 -> 0 | D57: =D150 -> 0 | E57: =E150 -> 0 | F57: =F150 -> 0 | G57: n/a | H57: populated using allocation methodology at time of budget year overall planning
A58: Intl Commissions | B58: =B9*$B$132 -> 0 | C58: =C9*$B$132 -> 0 | D58: =D9*$B$132 -> 0 | E58: =E9*$B$132 -> 0 | F58: =F9*$B$132 -> 0 | G58: n/a | H58: populated using allocation methodology at time of budget year overall planning
A59: Clinics | G59: <<<TBD at a later time - could add another tab if clinic part of costing
A60: Total Allocations | B60: =SUM(B55:B59) -> 0 | C60: =SUM(C55:C59) -> 0 | D60: =SUM(D55:D59) -> 0 | E60: =SUM(E55:E59) -> 0 | F60: =SUM(F55:F59) -> 0
A62: Total Expense | B62: =SUM(B23,B42,B51,B60) -> 0 | C62: =SUM(C23,C42,C51,C60) -> 0 | D62: =SUM(D23,D42,D51,D60) -> 0 | E62: =SUM(E23,E42,E51,E60) -> 0 | F62: =SUM(F23,F42,F51,F60) -> 0
A64: Contribution | B64: =B12-B62 -> 0 | C64: =C12-C62 -> 0 | D64: =D12-D62 -> 0 | E64: =E12-E62 -> 0 | F64: =F12-F62 -> 0
A65: Contribution % | B65: =IFERROR(B64/B12,"") | C65: =IFERROR(C64/C12,"") | D65: =IFERROR(D64/D12,"") | E65: =IFERROR(E64/E12,"") | F65: =IFERROR(F64/F12,"")
A67: Capital
A68: =Other!A55 -> Stakeholder Capital Costs | B68: =Other!B55 -> 0 | C68: =Other!C55 -> 0 | D68: =Other!D55 -> 0 | E68: =Other!E55 -> 0 | F68: =Other!F55 -> 0 | G68: TBD
A69: =Other!A56 -> Other Capital 1 | B69: =Other!B56 -> 0 | C69: =Other!C56 -> 0 | D69: =Other!D56 -> 0 | E69: =Other!E56 -> 0 | F69: =Other!F56 -> 0 | G69: TBD
A70: =Other!A57 -> Other Capital 2 | B70: =Other!B57 -> 0 | C70: =Other!C57 -> 0 | D70: =Other!D57 -> 0 | E70: =Other!E57 -> 0 | F70: =Other!F57 -> 0 | G70: TBD
A71: Total Capital | B71: =SUM(B68:B70) -> 0 | C71: =SUM(C68:C70) -> 0 | D71: =SUM(D68:D70) -> 0 | E71: =SUM(E68:E70) -> 0 | F71: =SUM(F68:F70) -> 0
A73: =Other!A67 -> Non Salary Charges to be incurred by Other Stakeholders
A74: =Other!A68 -> Facilities Management | B74: =Other!B68 -> 0 | C74: =Other!C68 -> 0 | D74: =Other!D68 -> 0 | E74: =Other!E68 -> 0 | F74: =Other!F68 -> 0 | G74: TBD
A75: =Other!A69 -> Information Technology | B75: =Other!B69 -> 0 | C75: =Other!C69 -> 0 | D75: =Other!D69 -> 0 | E75: =Other!E69 -> 0 | F75: =Other!F69 -> 0 | G75: TBD
A76: =Other!A70 -> Student Services | B76: =Other!B70 -> 0 | C76: =Other!C70 -> 0 | D76: =Other!D70 -> 0 | E76: =Other!E70 -> 0 | F76: =Other!F70 -> 0 | G76: TBD
A77: =Other!A71 -> Marketing | B77: =Other!B71 -> 0 | C77: =Other!C71 -> 0 | D77: =Other!D71 -> 0 | E77: =Other!E71 -> 0 | F77: =Other!F71 -> 0 | G77: TBD
A78: =Other!A72 -> Other | B78: =Other!B72 -> 0 | C78: =Other!C72 -> 0 | D78: =Other!D72 -> 0 | E78: =Other!E72 -> 0 | F78: =Other!F72 -> 0 | G78: TBD
A79: Total Non Salary Direct - Other Deptids | B79: =SUM(B74:B78) -> 0 | C79: =SUM(C74:C78) -> 0 | D79: =SUM(D74:D78) -> 0 | E79: =SUM(E74:E78) -> 0 | F79: =SUM(F74:F78) -> 0
A81: Preliminary Review by Financial Planning
A82: Name (Print):
A83: Signature:
A84: Date:
A85: Dean/Associate Dean (Print):
A86: Signature:
A87: Date:
A89: Final Review by Financial Planning
A90: Name (Print):
A91: Signature:
A92: Date:
A93: Dean/Associate Dean (Print):
... A102: Other Info Used in Calcs Above
A103: Benefits % based on 21/22 plan | B103: CPP EI EHT | C103: Ext Benefits | D103: CAAT
A104: FT Faculty | B104: 0.061 | C104: 0.052 | D104: 0.129
A105: FT Support | B105: 0.081 | C105: 0.104 | D105: 0.116
A106: PT Faculty (assume Partial Load) | B106: 0.0898 | C106: 0.027 | D106: 0.061
A107: PT Support | B107: 0.0898 | C107: 0 | D107: 0.04
A109: Amounts for Base Calcs
A110: LRC Amt per FTE | B110: 60
A112: Allocations - Gen Ed Comms
A113: Courses * Students | B113: =SUM(GECD!B64:D64) -> 0 | C113: =SUM(GECD!E64:G64) -> 0 | D113: =SUM(GECD!H64:J64) -> 0 | E113: =SUM(GECD!K64:M64) -> 0 | F113: =SUM(GECD!N64:P64) -> 0
A114: Total Estimated Cost | B114: =B113*$B118 -> 0 | C114: =C113*$B118 -> 0 | D114: =D113*$B118 -> 0 | E114: =E113*$B118 -> 0 | F114: =F113*$B118 -> 0
A116: Gen Ed Costs (deptid 100108) 20/21 - Barrie | B116: 5024080
A117: Total Courses * Students | B117: 17619
A118: Cost per Courses*Students | B118: =B116/B117 -> 285.15126 | C118: 255 prior template
A120: Allocations - College Degrees
A121: Courses * Students | B121: =SUM(GECD!B81:D81) -> 0 | C121: =SUM(GECD!E81:G81) -> 0 | D121: =SUM(GECD!H81:J81) -> 0 | E121: =SUM(GECD!K81:M81) -> 0 | F121: =SUM(GECD!N81:P81) -> 0
A122: Total Estimated Cost | B122: =B121*$B126 -> 0 | C122: =C121*$B126 -> 0 | D122: =D121*$B126 -> 0 | E122: =E121*$B126 -> 0 | F122: =F121*$B126 -> 0
A124: College Degree Costs (deptid 100128) 20/21 - Barrie | B124: 973344.93
...

Sheet Summary - BOG
A1: Program Costing Summary - Board of Governors | E1: Version Date: | F1: ='Program Summary'!$C$2 -> 0
A2: =CONCATENATE("Program Name: ",'Program Summary'!C3) -> Program Name: | E2: Location: | F2: ='Program Summary'!$C$4 -> 0
A3: =CONCATENATE("Launch Date: ",'Program Summary'!C5) -> Launch Date:
A5: Fiscal Year | B5: =Enrolment!B6 -> 0 | C5: =Enrolment!E6 -> 0 | D5: =Enrolment!H6 -> 0 | E5: =Enrolment!K6 -> 0 | F5: =Enrolment!N6 -> 0
A6: Enrolment
A7: Summer | B7: =Enrolment!B$59 -> 0 | C7: =Enrolment!E$59 -> 0 | D7: =Enrolment!H$59 -> 0 | E7: =Enrolment!K$59 -> 0 | F7: =Enrolment!N$59 -> 0
A8: Fall | B8: =Enrolment!C$59 -> 0 | C8: =Enrolment!F$59 -> 0 | D8: =Enrolment!I$59 -> 0 | E8: =Enrolment!L$59 -> 0 | F8: =Enrolment!O$59 -> 0
A9: Winter | B9: =Enrolment!D$59 -> 0 | C9: =Enrolment!G$59 -> 0 | D9: =Enrolment!J$59 -> 0 | E9: =Enrolment!M$59 -> 0 | F9: =Enrolment!P$59 -> 0
A10: Total | B10: =SUM(B7:B9) -> 0 | C10: =SUM(C7:C9) -> 0 | D10: =SUM(D7:D9) -> 0 | E10: =SUM(E7:E9) -> 0 | F10: =SUM(F7:F9) -> 0
A12: Revenue
A13: Tuition | B13: =SUM('Summary - Finance'!B7,'Summary - Finance'!B9) -> 0 | C13: =SUM('Summary - Finance'!C7,'Summary - Finance'!C9) -> 0 | D13: =SUM('Summary - Finance'!D7,'Summary - Finance'!D9) -> 0 | E13: =SUM('Summary - Finance'!E7,'Summary - Finance'!E9) -> 0 | F13: =SUM('Summary - Finance'!F7,'Summary - Finance'!F9) -> 0
A14: Grant | B14: ='Summary - Finance'!B8 -> 0 | C14: ='Summary - Finance'!C8 -> 0 | D14: ='Summary - Finance'!D8 -> 0 | E14: ='Summary - Finance'!E8 -> 0 | F14: ='Summary - Finance'!F8 -> 0
A15: Other | B15: =SUM('Summary - Finance'!B10:B11) -> 0 | C15: =SUM('Summary - Finance'!C10:C11) -> 0 | D15: =SUM('Summary - Finance'!D10:D11) -> 0 | E15: =SUM('Summary - Finance'!E10:E11) -> 0 | F15: =SUM('Summary - Finance'!F10:F11) -> 0
A16: Total Revenue | B16: =SUM(B13:B15) -> 0 | C16: =SUM(C13:C15) -> 0 | D16: =SUM(D13:D15) -> 0 | E16: =SUM(E13:E15) -> 0 | F16: =SUM(F13:F15) -> 0
A18: Expenses
A19: Salary and Benefits | B19: =SUM('Summary - Finance'!B23,'Summary - Finance'!B42) -> 0 | C19: =SUM('Summary - Finance'!C23,'Summary - Finance'!C42) -> 0 | D19: =SUM('Summary - Finance'!D23,'Summary - Finance'!D42) -> 0 | E19: =SUM('Summary - Finance'!E23,'Summary - Finance'!E42) -> 0 | F19: =SUM('Summary - Finance'!F23,'Summary - Finance'!F42) -> 0
A20: Non Salary | B20: ='Summary - Finance'!B51 -> 0 | C20: ='Summary - Finance'!C51 -> 0 | D20: ='Summary - Finance'!D51 -> 0 | E20: ='Summary - Finance'!E51 -> 0 | F20: ='Summary - Finance'!F51 -> 0
A21: Allocated Expenses | B21: ='Summary - Finance'!B60 -> 0 | C21: ='Summary - Finance'!C60 -> 0 | D21: ='Summary - Finance'!D60 -> 0 | E21: ='Summary - Finance'!E60 -> 0 | F21: ='Summary - Finance'!F60 -> 0
A22: Total Expense | B22: =SUM(B19:B21) -> 0 | C22: =SUM(C19:C21) -> 0 | D22: =SUM(D19:D21) -> 0 | E22: =SUM(E19:E21) -> 0 | F22: =SUM(F19:F21) -> 0
A24: Contribution | B24: =B16-B22 -> 0 | C24: =C16-C22 -> 0 | D24: =D16-D22 -> 0 | E24: =E16-E22 -> 0 | F24: =F16-F22 -> 0
A25: Contribution % | B25: =IFERROR(B24/B16,"") | C25: =IFERROR(C24/C16,"") | D25: =IFERROR(D24/D16,"") | E25: =IFERROR(E24/E16,"") | F25: =IFERROR(F24/F16,"")
A26: College's Target Contribution | D26: 0.3 | E26: 0.3 | F26: 0.3
A27: Cumulative Contribution | B27: =SUM($B24:B24) -> 0 | C27: =SUM($B24:C24) -> 0 | D27: =SUM($B24:D24) -> 0 | E27: =SUM($B24:E24) -> 0 | F27: =SUM($B24:F24) -> 0
A29: Capital Costs | B29: ='Summary - Finance'!B71 -> 0 | C29: ='Summary - Finance'!C71 -> 0 | D29: ='Summary - Finance'!D71 -> 0 | E29: ='Summary - Finance'!E71 -> 0 | F29: ='Summary - Finance'!F71 -> 0
A30: Other Direct Costs to be incurred by other Depts | B30: ='Summary - Finance'!B79 -> 0 | C30: ='Summary - Finance'!C79 -> 0 | D30: ='Summary - Finance'!D79 -> 0 | E30: ='Summary - Finance'!E79 -> 0 | F30: ='Summary - Finance'!F79 -> 0

Sheet Stake - Facilities
A1: Stakeholder Consultation and Approval
A3: Stakeholder Group: | D3: Facilities Management
A4: Program: | D4: ='Program Summary'!C3 -> 0
A5: Type of Consultation (choose from drop-down) | D5: New Program
A7: Item(s) | C7: Cost Year 1 | D7: Cost Year 2 | E7: Cost Year 3 | F7: Cost Year 4 | G7: Cost Year 5
A8: Capital
C9: 0 | D9: 0 | E9: 0 | F9: 0 | G9: 0
C10: 0 | D10: 0 | E10: 0 | F10: 0 | G10: 0
C11: 0 | D11: 0 | E11: 0 | F11: 0 | G11: 0
C12: 0 | D12: 0 | E12: 0 | F12: 0 | G12: 0
C13: 0 | D13: 0 | E13: 0 | F13: 0 | G13: 0
A14: Non Capital
C15: 0 | D15: 0 | E15: 0 | F15: 0 | G15: 0
C16: 0 | D16: 0 | E16: 0 | F16: 0 | G16: 0
C17: 0 | D17: 0 | E17: 0 | F17: 0 | G17: 0
C18: 0 | D18: 0 | E18: 0 | F18: 0 | G18: 0
C19: 0 | D19: 0 | E19: 0 | F19: 0 | G19: 0
A20: Total | C20: =SUM(C9:C19) -> 0 | D20: =SUM(D9:D19) -> 0 | E20: =SUM(E9:E19) -> 0 | F20: =SUM(F9:F19) -> 0 | G20: =SUM(G9:G19) -> 0
A29: New Program
A30: Program Change / Renewal

Sheet Stake - IT
A1: Stakeholder Consultation and Approval
A3: Stakeholder Group: | D3: Information Technology
A4: Program: | D4: ='Program Summary'!C3 -> 0
A5: Type of Consultation (choose from drop-down) | D5: New Program
A7: Item(s) | C7: Cost Year 1 | D7: Cost Year 2 | E7: Cost Year 3 | F7: Cost Year 4 | G7: Cost Year 5
A8: Capital
C9: 0 | D9: 0 | E9: 0 | F9: 0 | G9: 0
C10: 0 | D10: 0 | E10: 0 | F10: 0 | G10: 0
C11: 0 | D11: 0 | E11: 0 | F11: 0 | G11: 0
C12: 0 | D12: 0 | E12: 0 | F12: 0 | G12: 0
C13: 0 | D13: 0 | E13: 0 | F13: 0 | G13: 0
A14: Non Capital
C15: 0 | D15: 0 | E15: 0 | F15: 0 | G15: 0
C16: 0 | D16: 0 | E16: 0 | F16: 0 | G16: 0
C17: 0 | D17: 0 | E17: 0 | F17: 0 | G17: 0
C18: 0 | D18: 0 | E18: 0 | F18: 0 | G18: 0
C19: 0 | D19: 0 | E19: 0 | F19: 0 | G19: 0
A20: Total | C20: =SUM(C9:C19) -> 0 | D20: =SUM(D9:D19) -> 0 | E20: =SUM(E9:E19) -> 0 | F20: =SUM(F9:F19) -> 0 | G20: =SUM(G9:G19) -> 0
A30: New Program
A31: Program Change / Renewal

Sheet Stake - Student Services
A1: Stakeholder Consultation and Approval
A3: Stakeholder Group: | D3: Student and Learning Services
A4: Program: | D4: ='Program Summary'!C3 -> 0
A5: Type of Consultation (choose from drop-down) | D5: New Program
A7: Item(s) | C7: Cost Year 1 | D7: Cost Year 2 | E7: Cost Year 3 | F7: Cost Year 4 | G7: Cost Year 5
A8: Capital
C9: 0 | D9: 0 | E9: 0 | F9: 0 | G9: 0
C10: 0 | D10: 0 | E10: 0 | F10: 0 | G10: 0
C11: 0 | D11: 0 | E11: 0 | F11: 0 | G11: 0
C12: 0 | D12: 0 | E12: 0 | F12: 0 | G12: 0
C13: 0 | D13: 0 | E13: 0 | F13: 0 | G13: 0
A14: Non Capital
C15: 0 | D15: 0 | E15: 0 | F15: 0 | G15: 0
C16: 0 | D16: 0 | E16: 0 | F16: 0 | G16: 0
C17: 0 | D17: 0 | E17: 0 | F17: 0 | G17: 0
C18: 0 | D18: 0 | E18: 0 | F18: 0 | G18: 0
C19: 0 | D19: 0 | E19: 0 | F19: 0 | G19: 0
A20: Total | C20: =SUM(C9:C19) -> 0 | D20: =SUM(D9:D19) -> 0 | E20: =SUM(E9:E19) -> 0 | F20: =SUM(F9:F19) -> 0 | G20: =SUM(G9:G19) -> 0
A22: LRC Amount $60/FTE | C22: =SUM(Enrolment!$B59:$D59)*60 -> 0 | D22: =SUM(Enrolment!$E59:$G59)*60 -> 0 | E22: =SUM(Enrolment!$H59:$J59)*60 -> 0 | F22: =SUM(Enrolment!$K59:$M59)*60 -> 0 | G22: =SUM(Enrolment!$N59:$P59)*60 -> 0
A31: Program Change / Renewal

Sheet Stake - Marketing
A1: Stakeholder Consultation and Approval
A3: Stakeholder Group: | D3: Marketing
A4: Program: | D4: ='Program Summary'!C3 -> 0
A5: Type of Consultation (choose from drop-down) | D5: New Program
A7: Item(s) | C7: Cost Year 1 | D7: Cost Year 2 | E7: Cost Year 3 | F7: Cost Year 4 | G7: Cost Year 5
A8: Capital
C9: 0 | D9: 0 | E9: 0 | F9: 0 | G9: 0
C10: 0 | D10: 0 | E10: 0 | F10: 0 | G10: 0
C11: 0 | D11: 0 | E11: 0 | F11: 0 | G11: 0
C12: 0 | D12: 0 | E12: 0 | F12: 0 | G12: 0
C13: 0 | D13: 0 | E13: 0 | F13: 0 | G13: 0
A14: Non Capital
C15: 0 | D15: 0 | E15: 0 | F15: 0 | G15: 0
C16: 0 | D16: 0 | E16: 0 | F16: 0 | G16: 0
C17: 0 | D17: 0 | E17: 0 | F17: 0 | G17: 0
C18: 0 | D18: 0 | E18: 0 | F18: 0 | G18: 0
C19: 0 | D19: 0 | E19: 0 | F19: 0 | G19: 0
A20: Total | C20: =SUM(C9:C19) -> 0 | D20: =SUM(D9:D19) -> 0 | E20: =SUM(E9:E19) -> 0 | F20: =SUM(F9:F19) -> 0 | G20: =SUM(G9:G19) -> 0
A30: New Program
A31: Program Change / Renewal

Sheet Stake - Other
A1: Stakeholder Consultation and Approval
A3: Stakeholder Group: | D3: Other
A4: Program: | D4: ='Program Summary'!C3 -> 0
A5: Type of Consultation (choose from drop-down) | D5: New Program
A7: Item(s) | C7: Cost Year 1 | D7: Cost Year 2 | E7: Cost Year 3 | F7: Cost Year 4 | G7: Cost Year 5
A8: Capital
C9: 0 | D9: 0 | E9: 0 | F9: 0 | G9: 0
C10: 0 | D10: 0 | E10: 0 | F10: 0 | G10: 0
C11: 0 | D11: 0 | E11: 0 | F11: 0 | G11: 0
C12: 0 | D12: 0 | E12: 0 | F12: 0 | G12: 0
C13: 0 | D13: 0 | E13: 0 | F13: 0 | G13: 0
A14: Non Capital
C15: 0 | D15: 0 | E15: 0 | F15: 0 | G15: 0
C16: 0 | D16: 0 | E16: 0 | F16: 0 | G16: 0
C17: 0 | D17: 0 | E17: 0 | F17: 0 | G17: 0
C18: 0 | D18: 0 | E18: 0 | F18: 0 | G18: 0
C19: 0 | D19: 0 | E19: 0 | F19: 0 | G19: 0
A20: Total | C20: =SUM(C9:C19) -> 0 | D20: =SUM(D9:D19) -> 0 | E20: =SUM(E9:E19) -> 0 | F20: =SUM(F9:F19) -> 0 | G20: =SUM(G9:G19) -> 0
A30: New Program
A31: Program Change / Renewal
